Workbook
Name \e: #N/A
Name \f: #N/A
Name _1Excel_BuiltIn_Print_Area_2_1: #REF!
Name _1Excel_BuiltIn_Print_Area_2_1: #REF!
Name _2Excel_BuiltIn_Print_Area_2_1: #REF!
Name _4Excel_BuiltIn_Print_Area_2_1: #REF!
Name _e: #N/A
Name _f: #N/A
Name _tab072005: "$#REF!.$A$32:$F$1001"
Name _tab092003: "$#REF!.$A$9:$I$2080"
Name Área_impressão_IM: #REF!
Name Área_impressão_IM___0: #REF!
Name bdi: [1]Completo!#REF!
Name BuiltIn_Print_Area: #REF!
Name BuiltIn_Print_Area___0: #REF!
Name BuiltIn_Print_Titles: #REF!
Name BuiltIn_Print_Titles___0: #REF!
Name COD: "$#REF!.$A$9:$A$1445"
Name CQuantidadesValidReal: #REF!
Name CQuantidadesValidReal: #REF!
Name cu_10.1: [2]CCU_Reformas!$I$1046
Name cu_10.1mat: [2]CCU_Reformas!$G$1046
Name cu_10.1mo: [2]CCU_Reformas!$H$1046
Name cu_10.2: [2]CCU_Reformas!$I$1064
Name cu_10.2mat: [2]CCU_Reformas!$G$1064
Name cu_10.2mo: [2]CCU_Reformas!$H$1064
Name cu_10.3: [2]CCU_Reformas!$I$1082
Name cu_10.3mat: [2]CCU_Reformas!$G$1082
Name cu_10.3mo: [2]CCU_Reformas!$H$1082
Name cu_11.1: [2]CCU_Reformas!$I$1100
Name cu_11.10: [2]CCU_Reformas!$I$1186
Name cu_11.10mat: [2]CCU_Reformas!$G$1186
Name cu_11.10mo: [2]CCU_Reformas!$H$1186
Name cu_11.11: [2]CCU_Reformas!$I$1196
Name cu_11.11mat: [2]CCU_Reformas!$G$1196
Name cu_11.11mo: [2]CCU_Reformas!$H$1196
Name cu_11.12: [2]CCU_Reformas!$I$1205
Name cu_11.12mat: [2]CCU_Reformas!$G$1205
Name cu_11.12mo: [2]CCU_Reformas!$H$1205
Name cu_11.13: [2]CCU_Reformas!$I$1219
Name cu_11.13mat: [2]CCU_Reformas!$G$1219
Name cu_11.13mo: [2]CCU_Reformas!$H$1219
Name cu_11.14: [2]CCU_Reformas!$I$1233
Name cu_11.14mat: [2]CCU_Reformas!$G$1233
Name cu_11.14mo: [2]CCU_Reformas!$H$1233
Name cu_11.15: [2]CCU_Reformas!$I$1247
Name cu_11.15mat: [2]CCU_Reformas!$G$1247
Name cu_11.15mo: [2]CCU_Reformas!$H$1247
Name cu_11.16: [2]CCU_Reformas!$I$1261
Name cu_11.16mat: [2]CCU_Reformas!$G$1261
Name cu_11.16mo: [2]CCU_Reformas!$H$1261
Name cu_11.17: [2]CCU_Reformas!$I$1274
Name cu_11.17mat: [2]CCU_Reformas!$G$1274
Name cu_11.17mo: [2]CCU_Reformas!$H$1274
Name cu_11.18: [2]CCU_Reformas!$I$1287
Name cu_11.18mat: [2]CCU_Reformas!$G$1287
Name cu_11.18mo: [2]CCU_Reformas!$H$1287
Name cu_11.19: [2]CCU_Reformas!$I$1300
Name cu_11.19mat: [2]CCU_Reformas!$G$1300
Name cu_11.19mo: [2]CCU_Reformas!$H$1300

Sheet Orçamento
A1: OBRA: | B1: RUA MARECHAL FLORIANO PEIXOTO, 94 - PORTO ALEGRE/RS | I1: ENCARGOS SOCIAIS: | K1: 112,84% (H)
A2: LOCAL: | B2: CASA DO TRABALHADOR | K2: 69,95% (M)
A3: REFERÊNCIA: | B3: SINAPI: RS 4/2025 | I3: BDI: | K3: 0.2532 | T3: 1.2532 | U3: 0.79795737
B4: ORSE: SE 3/2025 | I4: MODALIDADE: | K4: NÃO DESONERADO
B5: SEINFRA: CE 10/2023 | I5: PRAZO DE EXECUÇÃO: | K5: 60 DIAS
B6: OBRAS-SP: SP 2/2025 | I6: DATA DO ORÇAMENTO: | K6: 45821
A7: ORÇAMENTISTA: | B7: ARQ. ALEXSANDRA BORBA | I7: RRT: | K7: 15691579
A9: PLANILHA ORÇAMENTÁRIA SINTÉTICA
A11: Item | B11: Tipo | C11: Banco | D11: Código | E11: Descrição | F11: Un. | G11: Qtd. | H11: Preço Unit. SEM BDI | K11: Preço Unit. com BDI | N11: Preço Total com BDI | R11: Preço Total sem BDI
H12: MAT | I12: M.O. | J12: Total | K12: MAT | L12: M.O. | M12: Total | N12: MAT | O12: M.O. | P12: Total | R12: MAT | S12: M.O. | T12: Total
A13: 1 | E13: ADMINISTRAÇÃO DA OBRA | N13: =N14+N15 -> 114.40002 | O13: =O14+O15 -> 7033.0012 | P13: =P14+P15 -> 7147.4013
A14: 1.1 | B14: CREA/CAU | E14: TAXA DE RESPONSABILIDADE TÉCNICA - ART/RRT | F14: UN | G14: 1 | H14: 0 | I14: 271.4651 | J14: 271.4651 | K14: =H14*$T$3 -> 0 | L14: =I14*$T$3 -> 340.20006 | M14: =J14*$T$3 -> 340.20006 | N14: =K14*G14 -> 0 | O14: =L14*G14 -> 340.20006 | P14: =O14+N14 -> 340.20006 | R14: =H14*G14 -> 0 | S14: =I14*G14 -> 271.4651 | T14: =S14+R14 -> 271.4651 | V14: =(T14)*1.2532 -> 340.20006
A15: 1.2 | B15: Composição | C15: SINAPI | D15: 90778 | E15: ENGENHEIRO CIVIL DE OBRA PLENO COM ENCARGOS COMPLEMENTARES | F15: H | G15: 40 | H15: 2.2821581 | I15: 133.51423 | J15: 135.79639 | K15: =H15*$T$3 -> 2.8600005 | L15: =I15*$T$3 -> 167.32003 | M15: =J15*$T$3 -> 170.18003 | N15: =K15*G15 -> 114.40002 | O15: =L15*G15 -> 6692.8012 | P15: =O15+N15 -> 6807.2012 | R15: =H15*G15 -> 91.286323 | S15: =I15*G15 -> 5340.5691 | T15: =S15+R15 -> 5431.8554 | V15: =(T15)*1.2532 -> 6807.2012
A16: 2 | E16: ESQUADRIAS | N16: =N17+N18+N19 -> 17735.181 | O16: =O17+O18+O19 -> 6015.0724 | P16: =P17+P18+P19 -> 23750.254 | R16: =H16*G16 -> 0 | S16: =I16*G16 -> 0 | T16: =S16+R16 -> 0 | V16: =(T16)*1.2532 -> 0
A17: 2.1 | B17: Composição | C17: Próprio | D17: =Composições!B24 -> 3 | E17: ESQUADRIAS DE VIDRO TEMPERADO 10MM, COM MONTANTES EM ALUMINIO ANODIZADO PRETO RETANGULAR 4X2, INCLUINDO ABERTURAS - FORNECIMENTO E INSTALAÇÃO. | F17: M2 | G17: 16.17 | H17: 692.96 | I17: 293.45 | J17: 986.41 | K17: =H17*$T$3 -> 868.41747 | L17: =I17*$T$3 -> 367.75154 | M17: =J17*$T$3 -> 1236.169 | N17: =K17*G17 -> 14042.311 | O17: =L17*G17 -> 5946.5424 | P17: =O17+N17 -> 19988.853 | R17: =H17*G17 -> 11205.163 | S17: =I17*G17 -> 4745.0865 | T17: =S17+R17 -> 15950.25 | V17: =(T17)*1.2532 -> 19988.853
A18: 2.2 | B18: Composição | C18: SINAPI | D18: 100675 | E18: KIT DE PORTA-PRONTA DE MADEIRA EM ACABAMENTO MELAMÍNICO BRANCO, FOLHA LEVE OU MÉDIA, 90X210, EXCLUSIVE FECHADURA, FIXAÇÃO COM PREENCHIMENTO TOTAL DE ESPUMA EXPANSIVA - FORNECIMENTO E INSTALAÇÃO. AF_12/2019 | F18: UN | G18: 2 | H18: 1022.343 | I18: 19.917016 | J18: 1042.26 | K18: =H18*$T$3 -> 1281.2002 | L18: =I18*$T$3 -> 24.960004 | M18: =J18*$T$3 -> 1306.1602 | N18: =K18*G18 -> 2562.4005 | O18: =L18*G18 -> 49.920009 | P18: =O18+N18 -> 2612.3205 | R18: =H18*G18 -> 2044.686 | S18: =I18*G18 -> 39.834032 | T18: =S18+R18 -> 2084.52 | V18: =(T18)*1.2532 -> 2612.3205
A19: 2.3 | B19: Composição | C19: SINAPI | D19: 90789 | E19: KIT DE PORTA-PRONTA DE MADEIRA EM ACABAMENTO MELAMÍNICO BRANCO, FOLHA LEVE OU MÉDIA, 70X210CM, EXCLUSIVE FECHADURA, FIXAÇÃO COM PREENCHIMENTO PARCIAL DE ESPUMA EXPANSIVA - FORNECIMENTO E INSTALAÇÃO. AF_12/2019 | F19: UN | G19: 1 | H19: 902.06687 | I19: 14.849987 | J19: 916.91686 | K19: =H19*$T$3 -> 1130.4702 | L19: =I19*$T$3 -> 18.610003 | M19: =J19*$T$3 -> 1149.0802 | N19: =K19*G19 -> 1130.4702 | O19: =L19*G19 -> 18.610003 | P19: =O19+N19 -> 1149.0802 | R19: =H19*G19 -> 902.06687 | S19: =I19*G19 -> 14.849987 | T19: =S19+R19 -> 916.91686 | V19: =(T19)*1.2532 -> 1149.0802
A20: 3 | E20: FORRO | N20: =N21 -> 56456.103 | O20: =O21 -> 14114.026 | P20: =P21 -> 70570.129 | R20: =H20*G20 -> 0 | S20: =I20*G20 -> 0 | T20: =S20+R20 -> 0 | V20: =(T20)*1.2532 -> 0
A21: 3.1 | B21: Insumo | C21: ORSE | D21: 39513/SINAPI | E21: Forro de fibra mineral em placas de 625 x 625 mm, e = 15/16 mm, borda rebaixada, com pintura antimofo, apoiado em perfil de aco galvanizado com 24 mm de base - instalado | F21: m2 | G21: =164.17*2 -> 328.34 | H21: 137.20398 | I21: 34.300996 | J21: 171.50498 | K21: =H21*$T$3 -> 171.94403 | L21: =I21*$T$3 -> 42.986008 | M21: =J21*$T$3 -> 214.93004 | N21: =K21*G21 -> 56456.103 | O21: =L21*G21 -> 14114.026 | P21: =O21+N21 -> 70570.129 | R21: =H21*G21 -> 45049.556 | S21: =I21*G21 -> 11262.389 | T21: =S21+R21 -> 56311.944 | V21: =(T21)*1.2532 -> 70570.129
A22: 4 | E22: INSTALAÇÕES HIDROSSANITÁRIAS | N22: =SUM(N23:N33) -> 5718.706 | O22: =SUM(O23:O33) -> 5818.025 | P22: =SUM(P23:P33) -> 11536.731 | R22: =H22*G22 -> 0 | S22: =I22*G22 -> 0 | T22: =S22+R22 -> 0 | V22: =(T22)*1.2532 -> 0
A23: 4.1 | B23: Composição | C23: SINAPI | D23: 89427 | E23: LUVA COM BUCHA DE LATÃO, PVC, SOLDÁVEL, DN 25MM X 3/4 , INSTALADO EM RAMAL DE DISTRIBUIÇÃO DE ÁGUA - FORNECIMENTO E INSTALAÇÃO. AF_06/2022 | F23: UN | G23: 5 | H23: 9.2164076 | I23: 3.5828286 | J23: 12.799236 | K23: =H23*$T$3 -> 11.550002 | L23: =I23*$T$3 -> 4.4900008 | M23: =J23*$T$3 -> 16.040003 | N23: =K23*G23 -> 57.75001 | O23: =L23*G23 -> 22.450004 | P23: =O23+N23 -> 80.200014 | R23: =H23*G23 -> 46.082038 | S23: =I23*G23 -> 17.914143 | T23: =S23+R23 -> 63.996181 | V23: =(T23)*1.2532 -> 80.200014
A24: 4.2 | B24: Composição | C24: SINAPI | D24: 89798 | E24: TUBO PVC, SERIE NORMAL, ESGOTO PREDIAL, DN 50 MM, FORNECIDO E INSTALADO EM PRUMADA DE ESGOTO SANITÁRIO OU VENTILAÇÃO. AF_08/2022 | F24: M | G24: 46.5 | H24: 11.993299 | I24: 1.7634858 | J24: 13.756785 | K24: =H24*$T$3 -> 15.030003 | L24: =I24*$T$3 -> 2.2100004 | M24: =J24*$T$3 -> 17.240003 | N24: =K24*G24 -> 698.89512 | O24: =L24*G24 -> 102.76502 | P24: =O24+N24 -> 801.66014 | R24: =H24*G24 -> 557.68842 | S24: =I24*G24 -> 82.002089 | T24: =S24+R24 -> 639.69051 | V24: =(T24)*1.2532 -> 801.66014
A25: 4.3 | B25: Composição | C25: SINAPI | D25: 89802 | E25: JOELHO 45 GRAUS, PVC, SERIE NORMAL, ESGOTO PREDIAL, DN 50 MM, JUNTA ELÁSTICA, FORNECIDO E INSTALADO EM PRUMADA DE ESGOTO SANITÁRIO OU VENTILAÇÃO. AF_08/2022 | F25: UN | G25: 5 | H25: 9.152571 | I25: 1.460262 | J25: 10.612833 | K25: =H25*$T$3 -> 11.470002 | L25: =I25*$T$3 -> 1.8300003 | M25: =J25*$T$3 -> 13.300002 | N25: =K25*G25 -> 57.35001 | O25: =L25*G25 -> 9.1500016 | P25: =O25+N25 -> 66.500012 | R25: =H25*G25 -> 45.762855 | S25: =I25*G25 -> 7.3013099 | T25: =S25+R25 -> 53.064165 | V25: =(T25)*1.2532 -> 66.500012
A26: 4.4 | B26: Composição | C26: SINAPI | D26: 89827 | E26: JUNÇÃO SIMPLES, PVC, SERIE NORMAL, ESGOTO PREDIAL, DN 50 X 50 MM, JUNTA ELÁSTICA, FORNECIDO E INSTALADO EM PRUMADA DE ESGOTO SANITÁRIO OU VENTILAÇÃO. AF_08/2022 | F26: UN | G26: 1 | H26: 17.930102 | I26: 1.9390364 | J26: 19.869139 | K26: =H26*$T$3 -> 22.470004 | L26: =I26*$T$3 -> 2.4300004 | M26: =J26*$T$3 -> 24.900004 | N26: =K26*G26 -> 22.470004 | O26: =L26*G26 -> 2.4300004 | P26: =O26+N26 -> 24.900004 | R26: =H26*G26 -> 17.930102 | S26: =I26*G26 -> 1.9390364 | T26: =S26+R26 -> 19.869139 | V26: =(T26)*1.2532 -> 24.900004
A27: 4.5 | B27: Composição | C27: SINAPI | D27: 89801 | E27: JOELHO 90 GRAUS, PVC, SERIE NORMAL, ESGOTO PREDIAL, DN 50 MM, JUNTA ELÁSTICA, FORNECIDO E INSTALADO EM PRUMADA DE ESGOTO SANITÁRIO OU VENTILAÇÃO. AF_08/2022 | F27: UN | G27: 12 | H27: 8.4184503 | I27: 1.460262 | J27: 9.8787123 | K27: =H27*$T$3 -> 10.550002 | L27: =I27*$T$3 -> 1.8300003 | M27: =J27*$T$3 -> 12.380002 | N27: =K27*G27 -> 126.60002 | O27: =L27*G27 -> 21.960004 | P27: =O27+N27 -> 148.56003 | R27: =H27*G27 -> 101.0214 | S27: =I27*G27 -> 17.523144 | T27: =S27+R27 -> 118.54455 | V27: =(T27)*1.2532 -> 148.56003
A28: 4.6 | B28: Composição | C28: SINAPI | D28: 94648 | E28: TUBO, PVC, SOLDÁVEL, DE 25MM, INSTALADO EM RESERVAÇÃO PREDIAL DE ÁGUA - FORNECIMENTO E INSTALAÇÃO. AF_04/2024 | F28: M | G28: 38.65 | H28: 5.2665187 | I28: 1.9629751 | J28: 7.2294938 | K28: =H28*$T$3 -> 6.6000012 | L28: =I28*$T$3 -> 2.4600004 | M28: =J28*$T$3 -> 9.0600016 | N28: =K28*G28 -> 255.09005 | O28: =L28*G28 -> 95.079017 | P28: =O28+N28 -> 350.16906 | R28: =H28*G28 -> 203.55095 | S28: =I28*G28 -> 75.868989 | T28: =S28+R28 -> 279.41993 | V28: =(T28)*1.2532 -> 350.16906
A29: 4.7 | B29: Composição | C29: SINAPI | D29: 89489 | E29: CURVA 90 GRAUS, PVC, SOLDÁVEL, DN 25MM, INSTALADO EM PRUMADA DE ÁGUA - FORNECIMENTO E INSTALAÇÃO. AF_06/2022 | F29: UN | G29: 14 | H29: 5.2744982 | I29: 3.0003197 | J29: 8.2748179 | K29: =H29*$T$3 -> 6.6100012 | L29: =I29*$T$3 -> 3.7600007 | M29: =J29*$T$3 -> 10.370002 | N29: =K29*G29 -> 92.540016 | O29: =L29*G29 -> 52.640009 | P29: =O29+N29 -> 145.18003 | R29: =H29*G29 -> 73.842975 | S29: =I29*G29 -> 42.004476 | T29: =S29+R29 -> 115.84745 | V29: =(T29)*1.2532 -> 145.18003
A30: 4.8 | B30: Composição | C30: SINAPI | D30: 89987 | E30: REGISTRO DE GAVETA BRUTO, LATÃO, ROSCÁVEL, 3/4", COM ACABAMENTO E CANOPLA CROMADOS - FORNECIMENTO E INSTALAÇÃO. AF_08/2021 | F30: UN | G30: 4 | H30: 110.05428 | I30: 9.3919583 | J30: 119.44624 | K30: =H30*$T$3 -> 137.92002 | L30: =I30*$T$3 -> 11.770002 | M30: =J30*$T$3 -> 149.69003 | N30: =K30*G30 -> 551.6801 | O30: =L30*G30 -> 47.080008 | P30: =O30+N30 -> 598.76011 | R30: =H30*G30 -> 440.21712 | S30: =I30*G30 -> 37.567833 | T30: =S30+R30 -> 477.78496 | V30: =(T30)*1.2532 -> 598.76011
A31: 4.9 | B31: Composição | C31: SINAPI | D31: 89617 | E31: TE, PVC, SOLDÁVEL, DN 25MM, INSTALADO EM PRUMADA DE ÁGUA - FORNECIMENTO E INSTALAÇÃO. AF_06/2022 | F31: UN | G31: 2 | H31: 4.2211945 | I31: 3.9977664 | J31: 8.2189609 | K31: =H31*$T$3 -> 5.2900009 | L31: =I31*$T$3 -> 5.0100009 | M31: =J31*$T$3 -> 10.300002 | N31: =K31*G31 -> 10.580002 | O31: =L31*G31 -> 10.020002 | P31: =O31+N31 -> 20.600004 | R31: =H31*G31 -> 8.442389 | S31: =I31*G31 -> 7.9955329 | T31: =S31+R31 -> 16.437922 | V31: =(T31)*1.2532 -> 20.600004
A32: 4.10 | B32: Composição | C32: SINAPI | D32: 89427 | E32: LUVA COM BUCHA DE LATÃO, PVC, SOLDÁVEL, DN 25MM X 3/4 , INSTALADO EM RAMAL DE DISTRIBUIÇÃO DE ÁGUA - FORNECIMENTO E INSTALAÇÃO. AF_06/2022 | F32: UN | G32: 5 | H32: 9.2164076 | I32: 3.5828286 | J32: 12.799236 | K32: =H32*$T$3 -> 11.550002 | L32: =I32*$T$3 -> 4.4900008 | M32: =J32*$T$3 -> 16.040003 | N32: =K32*G32 -> 57.75001 | O32: =L32*G32 -> 22.450004 | P32: =O32+N32 -> 80.200014 | R32: =H32*G32 -> 46.082038 | S32: =I32*G32 -> 17.914143 | T32: =S32+R32 -> 63.996181 | V32: =(T32)*1.2532 -> 80.200014
A33: 4.11 | B33: Composição | C33: SINAPI | D33: 89865 | E33: TUBO, PVC, SOLDÁVEL, DE 25MM, INSTALADO EM DRENO DE AR-CONDICIONADO - FORNECIMENTO E INSTALAÇÃO. AF_08/2022 | F33: M | G33: 400 | H33: 7.5566563 | I33: 10.836261 | J33: 18.392917 | K33: =H33*$T$3 -> 9.4700017 | L33: =I33*$T$3 -> 13.580002 | M33: =J33*$T$3 -> 23.050004 | N33: =K33*G33 -> 3788.0007 | O33: =L33*G33 -> 5432.001 | P33: =O33+N33 -> 9220.0016 | R33: =H33*G33 -> 3022.6625 | S33: =I33*G33 -> 4334.5044 | T33: =S33+R33 -> 7357.167 | V33: =(T33)*1.2532 -> 9220.0016
A34: 5 | E34: CLIMATIZAÇÃO | N34: =SUM(N35:N40) -> 60919.146 | O34: =SUM(O35:O40) -> 22039.617 | P34: =SUM(P35:P40) -> 82958.763 | R34: =H34*G34 -> 0 | S34: =I34*G34 -> 0 | T34: =S34+R34 -> 0 | V34: =(T34)*1.2532 -> 0
A35: 5.1 | B35: Composição | C35: SEINFRA-CE | D35: C4778 | E35: REDE FRIGORÍGENA C/ TUBO DE COBRE 1/2" FLEXÍVEL, ISOLADO COM BORRACHA ELASTOMÉRICA, SUSTENTAÇÃO, SOLDA E LIMPEZA | F35: M | G35: 142 | H35: 50.566559 | I35: 15.600067 | J35: 66.166625 | K35: =H35*$T$3 -> 63.370011 | L35: =I35*$T$3 -> 19.550003 | M35: =J35*$T$3 -> 82.920015 | N35: =K35*G35 -> 8998.5416 | O35: =L35*G35 -> 2776.1005 | P35: =O35+N35 -> 11774.642 | R35: =H35*G35 -> 7180.4513 | S35: =I35*G35 -> 2215.2095 | T35: =S35+R35 -> 9395.6608 | V35: =(T35)*1.2532 -> 11774.642
A36: 5.2 | B36: Composição | C36: SEINFRA-CE | D36: C4776 | E36: REDE FRIGORÍGENA C/ TUBO DE COBRE 1/4" FLEXÍVEL, ISOLADO COM BORRACHA ELASTOMÉRICA, SUSTENTAÇÃO, SOLDA E LIMPEZA | F36: M | G36: 142 | H36: 39.818073 | I36: 11.817749 | J36: 51.635821 | K36: =H36*$T$3 -> 49.900009 | L36: =I36*$T$3 -> 14.810003 | M36: =J36*$T$3 -> 64.710011 | N36: =K36*G36 -> 7085.8013 | O36: =L36*G36 -> 2103.0204 | P36: =O36+N36 -> 9188.8216 | R36: =H36*G36 -> 5654.1663 | S36: =I36*G36 -> 1678.1203 | T36: =S36+R36 -> 7332.2867 | V36: =(T36)*1.2532 -> 9188.8216
A37: 5.3 | B37: Composição | C37: SEINFRA-CE | D37: C4779 | E37: REDE FRIGORÍGENA C/ TUBO DE COBRE 5/8" FLEXÍVEL, ISOLADO COM BORRACHA ELASTOMÉRICA, SUSTENTAÇÃO, SOLDA E LIMPEZA | F37: M | G37: 270 | H37: 61.498575 | I37: 16.078841 | J37: 77.577416 | K37: =H37*$T$3 -> 77.070014 | L37: =I37*$T$3 -> 20.150004 | M37: =J37*$T$3 -> 97.220017 | N37: =K37*G37 -> 20808.904 | O37: =L37*G37 -> 5440.501 | P37: =O37+N37 -> 26249.405 | R37: =H37*G37 -> 16604.615 | S37: =I37*G37 -> 4341.2871 | T37: =S37+R37 -> 20945.902 | V37: =(T37)*1.2532 -> 26249.405
A38: 5.4 | B38: Composição | C38: SEINFRA-CE | D38: C4777 | E38: REDE FRIGORÍGENA C/ TUBO DE COBRE 3/8" FLEXÍVEL, ISOLADO COM BORRACHA ELASTOMÉRICA, SUSTENTAÇÃO, SOLDA E LIMPEZA | F38: M | G38: 270 | H38: 38.828606 | I38: 13.708908 | J38: 52.537513 | K38: =H38*$T$3 -> 48.660009 | L38: =I38*$T$3 -> 17.180003 | M38: =J38*$T$3 -> 65.840012 | N38: =K38*G38 -> 13138.202 | O38: =L38*G38 -> 4638.6008 | P38: =O38+N38 -> 17776.803 | R38: =H38*G38 -> 10483.724 | S38: =I38*G38 -> 3701.4051 | T38: =S38+R38 -> 14185.129 | V38: =(T38)*1.2532 -> 17776.803
A39: 5.5 | B39: Composição | C39: Próprio | D39: =Composições!B38 -> 6 | E39: CANALETA PARA DRENO DE AR CONDICIONADO - FORNECIMENTO E INSTALAÇÃO. | F39: M | G39: 290 | H39: 10.001667 | I39: 9.7425 | J39: 19.744167 | K39: =H39*$T$3 -> 12.534089 | L39: =I39*$T$3 -> 12.209301 | M39: =J39*$T$3 -> 24.74339 | N39: =K39*G39 -> 3634.8857 | O39: =L39*G39 -> 3540.6973 | P39: =O39+N39 -> 7175.583 | R39: =H39*G39 -> 2900.4833 | S39: =I39*G39 -> 2825.325 | T39: =S39+R39 -> 5725.8083 | V39: =(T39)*1.2532 -> 7175.583
A40: 5.6 | B40: Composição | C40: Próprio | D40: =Composições!B41 -> 7 | E40: CANALETA PARA TUBULAÇÃO REFRIGERANTE, DE AR CONDICIONADO - FORNECIMENTO E INSTALAÇÃO. | F40: M | G40: 290 | H40: 19.956667 | I40: 9.7425 | J40: 29.699167 | K40: =H40*$T$3 -> 25.009695 | L40: =I40*$T$3 -> 12.209301 | M40: =J40*$T$3 -> 37.218996 | N40: =K40*G40 -> 7252.8115 | O40: =L40*G40 -> 3540.6973 | P40: =O40+N40 -> 10793.509 | R40: =H40*G40 -> 5787.4333 | S40: =I40*G40 -> 2825.325 | T40: =S40+R40 -> 8612.7583 | V40: =(T40)*1.2532 -> 10793.509
A41: 6 | E41: PISO TÁTIL | N41: =N42 -> 7198.775 | O41: =O42 -> 3085.1893 | P41: =P42 -> 10283.964 | R41: =H41*G41 -> 0 | S41: =I41*G41 -> 0 | T41: =S41+R41 -> 0 | V41: =(T41)*1.2532 -> 0
A42: 6.1 | B42: Insumo | C42: SINAPI | D42: 38181 | E42: PISO TATIL ALERTA OU DIRECIONAL, DE BORRACHA, COLORIDO, 25 X 25 CM, E = 5 MM | F42: M2 | G42: 36.56 | H42: =J42*0.7 -> 157.1202 | I42: =J42*0.3 -> 67.337229 | J42: 224.45743 | K42: =H42*$T$3 -> 196.90303 | L42: =I42*$T$3 -> 84.387015 | M42: =J42*$T$3 -> 281.29005 | N42: =K42*G42 -> 7198.775 | O42: =L42*G42 -> 3085.1893 | P42: =O42+N42 -> 10283.964 | R42: =H42*G42 -> 5744.3145 | S42: =I42*G42 -> 2461.8491 | T42: =S42+R42 -> 8206.1636 | V42: =(T42)*1.2532 -> 10283.964
A43: 7 | E43: INSTALAÇÕES ELÉTRICAS | N43: =SUM(N44:N66) -> 59426.921 | O43: =SUM(O44:O66) -> 17460.729 | P43: =SUM(P44:P66) -> 76887.65 | R43: =H43*G43 -> 0 | S43: =I43*G43 -> 0 | T43: =S43+R43 -> 0 | V43: =(T43)*1.2532 -> 0
A44: 7.1 | B44: Composição | C44: SINAPI | D44: 91868 | E44: ELETRODUTO RÍGIDO ROSCÁVEL, PVC, DN 32 MM (1"), PARA CIRCUITOS TERMINAIS, INSTALADO EM LAJE - FORNECIMENTO E INSTALAÇÃO. AF_03/2023 | F44: M | G44: 525 | H44: =J44-I44 -> 11.42956 | I44: =J44*0.2988 -> 4.87044 | J44: 16.3 | K44: =H44*$T$3 -> 14.323525 | L44: =I44*$T$3 -> 6.1036354 | M44: =J44*$T$3 -> 20.42716 | N44: =K44*G44 -> 7519.8504 | O44: =L44*G44 -> 3204.4086 | P44: =O44+N44 -> 10724.259 | R44: =H44*G44 -> 6000.519 | S44: =I44*G44 -> 2556.981 | T44: =S44+R44 -> 8557.5 | V44: =(T44)*1.2532 -> 10724.259
A45: 7.2 | B45: Composição | C45: SINAPI | D45: 95818 | E45: CONDULETE DE PVC PARA ELETRODUTO DE PVC SOLDÁVEL DN 32 MM (1''), APARENTE - FORNECIMENTO E INSTALAÇÃO. AF_10/2022 | F45: UN | G45: 174 | H45: =J45-I45 -> 18.82041 | I45: =J45*0.4513 -> 15.47959 | J45: 34.3 | K45: =H45*$T$3 -> 23.585738 | L45: =I45*$T$3 -> 19.399022 | M45: =J45*$T$3 -> 42.98476 | N45: =K45*G45 -> 4103.9184 | O45: =L45*G45 -> 3375.4299 | P45: =O45+N45 -> 7479.3482 | R45: =H45*G45 -> 3274.7513 | S45: =I45*G45 -> 2693.4487 | T45: =S45+R45 -> 5968.2 | V45: =(T45)*1.2532 -> 7479.3482
A46: 7.3 | B46: Composição | C46: Próprio | D46: =Composições!B12 -> 1 | E46: PONTO ELÉTRICO DE TOMADA 2P+T 20A, 250V, INSTALADO NO TETO OU SOBRE O FORRO - FORNECIMENTO E INSTALAÇÃO | F46: UN | G46: 4 | H46: 30.69742 | I46: 41.278335 | J46: 71.975755 | K46: 38.47 | L46: 51.73 | M46: 90.2 | N46: =K46*G46 -> 153.88 | O46: =L46*G46 -> 206.92 | P46: =M46*G46 -> 360.8 | R46: =H46*G46 -> 122.78968 | S46: =I46*G46 -> 165.11334 | T46: =S46+R46 -> 287.90302 | V46: =(T46)*1.2532 -> 360.80006
A47: 7.4 | B47: Insumo | C47: SINAPI | D47: 12147 | E47: TOMADA 2P+T 10A, 250V, CONJUNTO MONTADO PARA SOBREPOR 4" X 2" (CAIXA + MODULO) | F47: UN | G47: 63 | H47: 16.789023 | I47: 0 | J47: 16.789023 | K47: 21.04 | L47: 0 | M47: 21.04 | N47: =K47*G47 -> 1325.52 | O47: =L47*G47 -> 0 | P47: =M47*G47 -> 1325.52 | R47: =H47*G47 -> 1057.7085 | S47: =I47*G47 -> 0 | T47: =S47+R47 -> 1057.7085 | V47: =(T47)*1.2532 -> 1325.5202
A48: 7.5 | B48: Insumo | C48: CPTM | D48: 887 | E48: CAIXA PARA TOMADA FIXO, PERFIL EM CHAPA DE AÇO GALVANIZADO À FOGO, BASE COM 2 FUROS PARA FIXAÇÃO, EQUIPADA COM 1 TOMADA 2P+T (UNIVERSAL), 20A-250V | F48: un | G48: 28 | H48: 17.427389 | I48: 0 | J48: 17.427389 | K48: 21.84 | L48: 0 | M48: 21.84 | N48: =K48*G48 -> 611.52 | O48: =L48*G48 -> 0 | P48: =M48*G48 -> 611.52 | R48: =H48*G48 -> 487.96689 | S48: =I48*G48 -> 0 | T48: =S48+R48 -> 487.96689 | V48: =(T48)*1.2532 -> 611.52011
A49: 7.6 | B49: Composição | C49: SINAPI | D49: 91924 | E49: CABO DE COBRE FLEXÍVEL ISOLADO, 1,5 MM², ANTI-CHAMA 450/750 V, PARA CIRCUITOS TERMINAIS - FORNECIMENTO E INSTALAÇÃO. AF_03/2023 | F49: M | G49: 914 | H49: 2.0746892 | I49: 0.98148757 | J49: 3.0561767 | K49: 2.6 | L49: 1.23 | M49: 3.83 | N49: =K49*G49 -> 2376.4 | O49: =L49*G49 -> 1124.22 | P49: =M49*G49 -> 3500.62 | R49: =H49*G49 -> 1896.2659 | S49: =I49*G49 -> 897.07964 | T49: =S49+R49 -> 2793.3455 | V49: =(T49)*1.2532 -> 3500.6206
A50: 7.7 | B50: Composição | C50: SINAPI | D50: 91926 | E50: CABO DE COBRE FLEXÍVEL ISOLADO, 2,5 MM², ANTI-CHAMA 450/750 V, PARA CIRCUITOS TERMINAIS - FORNECIMENTO E INSTALAÇÃO. AF_03/2023 | F50: M | G50: 3195 | H50: 3.1918295 | I50: 1.2448135 | J50: 4.436643 | K50: 4 | L50: 1.56 | M50: 5.56 | N50: =K50*G50 -> 12780 | O50: =L50*G50 -> 4984.2 | P50: =M50*G50 -> 17764.2 | R50: =H50*G50 -> 10197.895 | S50: =I50*G50 -> 3977.1791 | T50: =S50+R50 -> 14175.074 | V50: =(T50)*1.2532 -> 17764.203
A51: 7.8 | B51: Insumo | C51: ORSE | D51: 3493 | E51: Caixa p/quadro eletrico em aluminio 70 x 36 x 22 cm | F51: un | G51: 6 | H51: 629.99532 | I51: 0 | J51: 629.99532 | K51: 789.51 | L51: 0 | M51: 789.51 | N51: =K51*G51 -> 4737.06 | O51: =L51*G51 -> 0 | P51: =M51*G51 -> 4737.06 | R51: =H51*G51 -> 3779.9719 | S51: =I51*G51 -> 0 | T51: =S51+R51 -> 3779.9719 | V51: =(T51)*1.2532 -> 4737.0608
A52: 7.9 | B52: Composição | C52: SINAPI | D52: 93653 | E52: DISJUNTOR MONOPOLAR TIPO DIN, CORRENTE NOMINAL DE 10A - FORNECIMENTO E INSTALAÇÃO. AF_10/2020 | F52: UN | G52: 29 | H52: 9.6552842 | I52: 1.5081394 | J52: 11.163424 | K52: 12.1 | L52: 1.89 | M52: 13.99 | N52: =K52*G52 -> 350.9 | O52: =L52*G52 -> 54.81 | P52: =M52*G52 -> 405.71 | R52: =H52*G52 -> 280.00324 | S52: =I52*G52 -> 43.736044 | T52: =S52+R52 -> 323.73929 | V52: =(T52)*1.2532 -> 405.71007
A53: 7.10 | B53: Composição | C53: SINAPI | D53: 93654 | E53: DISJUNTOR MONOPOLAR TIPO DIN, CORRENTE NOMINAL DE 16A - FORNECIMENTO E INSTALAÇÃO. AF_10/2020 | F53: UN | G53: 7 | H53: 9.8068961 | I53: 2.0427709 | J53: 11.849667 | K53: 12.29 | L53: 2.56 | M53: 14.85 | N53: =K53*G53 -> 86.03 | O53: =L53*G53 -> 17.92 | P53: =M53*G53 -> 103.95 | R53: =H53*G53 -> 68.648273 | S53: =I53*G53 -> 14.299396 | T53: =S53+R53 -> 82.947669 | V53: =(T53)*1.2532 -> 103.95002
A54: 7.11 | B54: Composição | C54: SINAPI | D54: 93657 | E54: DISJUNTOR MONOPOLAR TIPO DIN, CORRENTE NOMINAL DE 32A - FORNECIMENTO E INSTALAÇÃO. AF_10/2020 | F54: UN | G54: 11 | H54: 11.011812 | I54: 3.9020115 | J54: 14.913823 | K54: 13.8 | L54: 4.89 | M54: 18.69 | N54: =K54*G54 -> 151.8 | O54: =L54*G54 -> 53.79 | P54: =M54*G54 -> 205.59 | R54: =H54*G54 -> 121.12993 | S54: =I54*G54 -> 42.922127 | T54: =S54+R54 -> 164.05206 | V54: =(T54)*1.2532 -> 205.59004
A55: 7.12 | B55: Composição | C55: SINAPI | D55: 101895 | E55: DISJUNTOR TERMOMAGNÉTICO TRIPOLAR , CORRENTE NOMINAL DE 125A - FORNECIMENTO E INSTALAÇÃO. AF_10/2020 | F55: UN | G55: 1 | H55: 343.67226 | I55: 56.662953 | J55: 400.33521 | K55: 430.69 | L55: 71.01 | M55: 501.7 | N55: =K55*G55 -> 430.69 | O55: =L55*G55 -> 71.01 | P55: =M55*G55 -> 501.7 | R55: =H55*G55 -> 343.67226 | S55: =I55*G55 -> 56.662953 | T55: =S55+R55 -> 400.33521 | V55: =(T55)*1.2532 -> 501.70009
A56: 7.13 | B56: Composição | C56: ORSE | D56: 12480 | E56: DISJUNTOR TRIPOLAR 70 A, PADRÃO DIN ( LINHA BRANCA ), CURVA DE DISPARO C, CORRENTE DE INTERRUPÇÃO 10KA, REF.: SIEMENS 5SX1 OU SIMILAR. | F56: UN | G56: 2 | H56: 98.4 | I56: 24.6 | J56: 123 | K56: =H56*$T$3 -> 123.31488 | L56: =I56*$T$3 -> 30.82872 | M56: =J56*$T$3 -> 154.1436 | N56: =K56*G56 -> 246.62976 | O56: =L56*G56 -> 61.65744 | P56: =O56+N56 -> 308.2872 | R56: =H56*G56 -> 196.8 | S56: =I56*G56 -> 49.2 | T56: =S56+R56 -> 246 | V56: =(T56)*1.2532 -> 308.2872
A57: 7.15 | B57: Composição | C57: ORSE | D57: 13815 | E57: DISJUNTOR TERMOMAGNÉTICO TRIPOLAR 90 A, PADRÃO DIN (LINHA BRANCA), CURVA DE DISPARO C, CORRENTE DE INTERRUPÇÃO 10KA | F57: UN | G57: 3 | H57: 100.8 | I57: 20.98 | J57: 121.78 | K57: =H57*$T$3 -> 126.32256 | L57: =I57*$T$3 -> 26.292136 | M57: =J57*$T$3 -> 152.6147 | N57: =K57*G57 -> 378.96768 | O57: =L57*G57 -> 78.876408 | P57: =O57+N57 -> 457.84409 | R57: =H57*G57 -> 302.4 | S57: =I57*G57 -> 62.94 | T57: =S57+R57 -> 365.34 | V57: =(T57)*1.2532 -> 457.84409
A58: 7.16 | B58: Insumo | C58: SINAPI | D58: 39465 | E58: DISPOSITIVO DPS CLASSE II, 1 POLO, TENSAO MAXIMA DE 175 V, CORRENTE MAXIMA DE *20* KA (TIPO AC) | F58: UN | G58: 3 | H58: 60.134067 | I58: 0 | J58: 60.134067 | K58: 75.36 | L58: 0 | M58: 75.36 | N58: =K58*G58 -> 226.08 | O58: =L58*G58 -> 0 | P58: =M58*G58 -> 226.08 | R58: =H58*G58 -> 180.4022 | S58: =I58*G58 -> 0 | T58: =S58+R58 -> 180.4022 | V58: =(T58)*1.2532 -> 226.08004
A59: 7.17 | B59: Insumo | C59: SINAPI | D59: 39469 | E59: DISPOSITIVO DPS CLASSE II, 1 POLO, TENSAO MAXIMA DE 275 V, CORRENTE MAXIMA DE *20* KA (TIPO AC) | F59: UN | G59: 3 | H59: 62.655613 | I59: 0 | J59: 62.655613 | K59: 78.52 | L59: 0 | M59: 78.52 | N59: =K59*G59 -> 235.56 | O59: =L59*G59 -> 0 | P59: =M59*G59 -> 235.56 | R59: =H59*G59 -> 187.96684 | S59: =I59*G59 -> 0 | T59: =S59+R59 -> 187.96684 | V59: =(T59)*1.2532 -> 235.56004
A60: 7.19 | B60: Composição | C60: Próprio | D60: =Composições!B19 -> 2 | E60: DISPOSITIVO DR, 4 POLOS, SENSIBILIDADE DE 30 MA, CORRENTE DE 125 A, TIPO AC | F60: UN | G60: 1 | H60: 768.12972 | I60: 42.826372 | J60: 810.9561 | K60: 962.62 | L60: 53.67 | M60: 1016.29 | N60: =K60*G60 -> 962.62 | O60: =L60*G60 -> 53.67 | P60: =M60*G60 -> 1016.29 | R60: =H60*G60 -> 768.12972 | S60: =I60*G60 -> 42.826372 | T60: =S60+R60 -> 810.9561 | V60: =(T60)*1.2532 -> 1016.2902
A61: 7.20 | B61: Insumo | C61: SINAPI | D61: 39449 | E61: DISPOSITIVO DR, 4 POLOS, SENSIBILIDADE DE 30 MA, CORRENTE DE 100 A, TIPO AC | F61: UN | G61: 5 | H61: 284.96 | J61: 284.96 | K61: =H61*$T$3 -> 357.11187 | L61: =I61*$T$3 -> 0 | M61: =J61*$T$3 -> 357.11187 | N61: =K61*G61 -> 1785.5594 | O61: =L61*G61 -> 0 | P61: =O61+N61 -> 1785.5594 | R61: =H61*G61 -> 1424.8 | S61: =I61*G61 -> 0 | T61: =S61+R61 -> 1424.8 | V61: =(T61)*1.2532 -> 1785.5594
A62: 7.21 | B62: Insumo | C62: SINAPI | D62: 982 | E62: CABO DE COBRE, FLEXIVEL, CLASSE 4 OU 5, ISOLACAO EM PVC/A, ANTICHAMA BWF-B, 1 CONDUTOR, 450/750 V, SECAO NOMINAL 6 MM2 | F62: M | G62: =(13*22*3)+(G37*3) -> 1668 | H62: 5.4181306 | I62: 0 | J62: 5.4181306 | K62: 6.79 | L62: 0 | M62: 6.79 | N62: =K62*G62 -> 11325.72 | O62: =L62*G62 -> 0 | P62: =M62*G62 -> 11325.72 | R62: =H62*G62 -> 9037.4418 | S62: =I62*G62 -> 0 | T62: =S62+R62 -> 9037.4418 | V62: =(T62)*1.2532 -> 11325.722
A63: 7.22 | B63: Insumo | C63: SINAPI | D63: 981 | E63: CABO DE COBRE, FLEXIVEL, CLASSE 4 OU 5, ISOLACAO EM PVC/A, ANTICHAMA BWF-B, 1 CONDUTOR, 450/750 V, SECAO NOMINAL 4 MM2 | F63: M | G63: =(7*22*3)+(G35*3) -> 888 | H63: 3.7663588 | I63: 0 | J63: 3.7663588 | K63: 4.72 | L63: 0 | M63: 4.72 | N63: =K63*G63 -> 4191.36 | O63: =L63*G63 -> 0 | P63: =M63*G63 -> 4191.36 | R63: =H63*G63 -> 3344.5266 | S63: =I63*G63 -> 0 | T63: =S63+R63 -> 3344.5266 | V63: =(T63)*1.2532 -> 4191.3607
A64: 7.23 | B64: Composição | C64: SINAPI | D64: 91835 | E64: ELETRODUTO FLEXÍVEL CORRUGADO REFORÇADO, PVC, DN 25 MM (3/4"), PARA CIRCUITOS TERMINAIS, INSTALADO EM FORRO - FORNECIMENTO E INSTALAÇÃO. AF_03/2023 | F64: M | G64: =85+86+16 -> 187 | H64: 11.26742 | I64: 11.31258 | J64: 22.58 | K64: =H64*$T$3 -> 14.120331 | L64: =I64*$T$3 -> 14.176925 | M64: =J64*$T$3 -> 28.297256 | N64: =K64*G64 -> 2640.5018 | O64: =L64*G64 -> 2651.085 | P64: =O64+N64 -> 5291.5869 | R64: =H64*G64 -> 2107.0075 | S64: =I64*G64 -> 2115.4525 | T64: =S64+R64 -> 4222.46 | V64: =(T64)*1.2532 -> 5291.5869
A65: 7.24 | B65: Composição | C65: Próprio | D65: =Composições!B44 -> 8 | E65: CANALETAS PARA PASSAGEM DE CABOS JUNTO AO MOBILIÁRIO - FORNECIMENTO E FIXAÇÃO. | F65: M | G65: 30 | H65: 74.645 | I65: 9.7425 | J65: 84.3875 | K65: =H65*$T$3 -> 93.545114 | L65: =I65*$T$3 -> 12.209301 | M65: =J65*$T$3 -> 105.75441 | N65: =K65*G65 -> 2806.3534 | O65: =L65*G65 -> 366.27903 | P65: =O65+N65 -> 3172.6325 | R65: =H65*G65 -> 2239.35 | S65: =I65*G65 -> 292.275 | T65: =S65+R65 -> 2531.625 | V65: =(T65)*1.2532 -> 3172.6325
B66: Composição | C66: SINAPI | D66: 2436 | E66: ELETRICISTA (HORISTA) | F66: h | G66: 40 | H66: 0 | I66: 23.07 | J66: =I66+H66 -> 23.07 | K66: =H66*$T$3 -> 0 | L66: =I66*$T$3 -> 28.911324 | M66: =J66*$T$3 -> 28.911324 | N66: =K66*G66 -> 0 | O66: =L66*G66 -> 1156.453 | P66: =O66+N66 -> 1156.453 | R66: =H66*G66 -> 0 | S66: =I66*G66 -> 922.8 | T66: =S66+R66 -> 922.8 | V66: =(T66)*1.2532 -> 1156.453
A67: 8 | E67: ILUMINAÇÃO | N67: =SUM(N68:N73) -> 25125.934 | O67: =SUM(O68:O73) -> 2228.0025 | P67: =SUM(P68:P73) -> 27353.937 | R67: =H67*G67 -> 0 | S67: =I67*G67 -> 0 | T67: =S67+R67 -> 0 | V67: =(T67)*1.2532 -> 0
A68: 8.1 | B68: Composição | C68: Próprio | D68: =Composições!$B$47 -> 9 | E68: LUMINÁRIA BARRA LINEAR 120cm - BRANCO FRIO | F68: UN | G68: 7 | H68: 31.513333 | I68: 14.862162 | J68: 46.375495 | K68: =H68*$T$3 -> 39.492509 | L68: =I68*$T$3 -> 18.625262 | M68: =J68*$T$3 -> 58.117771 | N68: =K68*G68 -> 276.44757 | O68: =L68*G68 -> 130.37683 | P68: =O68+N68 -> 406.8244 | R68: =H68*G68 -> 220.59333 | S68: =I68*G68 -> 104.03514 | T68: =S68+R68 -> 324.62847 | V68: =(T68)*1.2532 -> 406.8244
A69: 8.2 | B69: Composição | C69: Próprio | D69: =Composições!$B$47 -> 9 | E69: TRILHO ELETRIFICADO PERFIL SUSPENSO SLIM LINEAR 120cm BRANCO NEUTRO - 4000K | F69: UN | G69: 2 | H69: 190.46333 | I69: 14.862162 | J69: 205.3255 | K69: =H69*$T$3 -> 238.68865 | L69: =I69*$T$3 -> 18.625262 | M69: =J69*$T$3 -> 257.31391 | N69: =K69*G69 -> 477.3773 | O69: =L69*G69 -> 37.250523 | P69: =O69+N69 -> 514.62782 | R69: =H69*G69 -> 380.92667 | S69: =I69*G69 -> 29.724324 | T69: =S69+R69 -> 410.65099 | V69: =(T69)*1.2532 -> 514.62782
A70: 8.3 | B70: Composição | C70: Próprio | D70: =Composições!$B$47 -> 9 | E70: TRILHO ELETRIFICADO SUSPENSO 8m - 4000K / h = 3,00m 12 LEDS LINEARES + 8 SPOTS DIRECIONÁVEIS | F70: UN | G70: 9 | H70: 879.52667 | I70: 14.862162 | J70: 894.38883 | K70: =H70*$T$3 -> 1102.2228 | L70: =I70*$T$3 -> 18.625262 | M70: =J70*$T$3 -> 1120.8481 | N70: =K70*G70 -> 9920.0054 | O70: =L70*G70 -> 167.62735 | P70: =O70+N70 -> 10087.633 | R70: =H70*G70 -> 7915.74 | S70: =I70*G70 -> 133.75946 | T70: =S70+R70 -> 8049.4995 | V70: =(T70)*1.2532 -> 10087.633
A71: 8.4 | B71: Composição | C71: Próprio | D71: =Composições!$B$47 -> 9 | E71: LUMINÁRIA TIPO CALHA, DE EMBUTIR NO FORRO - 62x62cm BRANCO NEUTRO - 4000K. | F71: UN | G71: 86 | H71: 130.96333 | I71: 14.862162 | J71: 145.8255 | K71: =H71*$T$3 -> 164.12325 | L71: =I71*$T$3 -> 18.625262 | M71: =J71*$T$3 -> 182.74851 | N71: =K71*G71 -> 14114.599 | O71: =L71*G71 -> 1601.7725 | P71: =O71+N71 -> 15716.372 | R71: =H71*G71 -> 11262.847 | S71: =I71*G71 -> 1278.1459 | T71: =S71+R71 -> 12540.993 | V71: =(T71)*1.2532 -> 15716.372
A72: 8.5 | B72: Composição | C72: SINAPI | D72: 91953 | E72: INTERRUPTOR SIMPLES (1 MÓDULO), 10A/250V, INCLUINDO SUPORTE E PLACA - FORNECIMENTO E INSTALAÇÃO. AF_03/2023 | F72: UN | G72: 13 | H72: 17.910787 | I72: 15.399213 | J72: 33.31 | K72: =H72*$T$3 -> 22.445798 | L72: =I72*$T$3 -> 19.298294 | M72: =J72*$T$3 -> 41.744092 | N72: =K72*G72 -> 291.79538 | O72: =L72*G72 -> 250.87782 | P72: =O72+N72 -> 542.6732 | R72: =H72*G72 -> 232.84023 | S72: =I72*G72 -> 200.18977 | T72: =S72+R72 -> 433.03 | V72: =(T72)*1.2532 -> 542.6732
A73: 8.6 | B73: Composição | C73: SINAPI | D73: 91967 | E73: INTERRUPTOR SIMPLES (3 MÓDULOS), 10A/250V, INCLUINDO SUPORTE E PLACA - FORNECIMENTO E INSTALAÇÃO.AF_03/2023 | F73: UN | G73: 1 | H73: 36.473969 | I73: 31.996031 | J73: 68.47 | K73: =H73*$T$3 -> 45.709178 | L73: =I73*$T$3 -> 40.097426 | M73: =J73*$T$3 -> 85.806604 | N73: =K73*G73 -> 45.709178 | O73: =L73*G73 -> 40.097426 | P73: =O73+N73 -> 85.806604 | R73: =H73*G73 -> 36.473969 | S73: =I73*G73 -> 31.996031 | T73: =S73+R73 -> 68.47 | V73: =(T73)*1.2532 -> 85.806604
A74: 9 | E74: INSTALAÇÕES DE REDE LÓGICA | N74: =SUM(N75:N82) -> 28548.856 | O74: =SUM(O75:O82) -> 20276.655 | P74: =SUM(P75:P82) -> 48825.511 | R74: =H74*G74 -> 0 | S74: =I74*G74 -> 0 | T74: =S74+R74 -> 0 | V74: =(T74)*1.2532 -> 0
A75: 9.1 | B75: Composição | C75: Próprio | D75: =Composições!B31 -> 4 | E75: ELETROCALHA LISA OU PERFURADA EM AÇO GALVANIZADO, LARGURA 100MM E ALTURA 25MM, INCLUSIVE EMENDA E FIXAÇÃO - FORNECIMENTO E INSTALAÇÃO. AF_04/2023 | F75: M | G75: 74.7 | H75: 30.06 | I75: 39.77 | J75: 69.83 | K75: =H75*$T$3 -> 37.671192 | L75: =I75*$T$3 -> 49.839764 | M75: =J75*$T$3 -> 87.510956 | N75: =K75*G75 -> 2814.038 | O75: =L75*G75 -> 3723.0304 | P75: =O75+N75 -> 6537.0684 | R75: =H75*G75 -> 2245.482 | S75: =I75*G75 -> 2970.819 | T75: =S75+R75 -> 5216.301 | V75: =(T75)*1.2532 -> 6537.0684
A76: 9.2 | B76: Composição | C76: SINAPI | D76: 91868 | E76: ELETRODUTO RÍGIDO ROSCÁVEL, PVC, DN 32 MM (1"), PARA CIRCUITOS TERMINAIS, INSTALADO EM LAJE - FORNECIMENTO E INSTALAÇÃO. AF_03/2023 | F76: M | G76: 160.6 | H76: =J76-I76 -> 11.42956 | I76: =J76*0.2988 -> 4.87044 | J76: 16.3 | K76: =H76*$T$3 -> 14.323525 | L76: =I76*$T$3 -> 6.1036354 | M76: =J76*$T$3 -> 20.42716 | N76: =K76*G76 -> 2300.358 | O76: =L76*G76 -> 980.24385 | P76: =O76+N76 -> 3280.6019 | R76: =H76*G76 -> 1835.5873 | S76: =I76*G76 -> 782.19266 | T76: =S76+R76 -> 2617.78 | V76: =(T76)*1.2532 -> 3280.6019
A77: 9.3 | B77: Composição | C77: SINAPI | D77: 95818 | E77: CONDULETE DE PVC PARA ELETRODUTO DE PVC SOLDÁVEL DN 32 MM (1''), APARENTE - FORNECIMENTO E INSTALAÇÃO. AF_10/2022 | F77: UN | G77: 60 | H77: =J77-I77 -> 18.82041 | I77: =J77*0.4513 -> 15.47959 | J77: 34.3 | K77: =H77*$T$3 -> 23.585738 | L77: =I77*$T$3 -> 19.399022 | M77: =J77*$T$3 -> 42.98476 | N77: =K77*G77 -> 1415.1443 | O77: =L77*G77 -> 1163.9413 | P77: =O77+N77 -> 2579.0856 | R77: =H77*G77 -> 1129.2246 | S77: =I77*G77 -> 928.7754 | T77: =S77+R77 -> 2058 | V77: =(T77)*1.2532 -> 2579.0856
A78: 9.4 | B78: Composição | C78: SINAPI | D78: 98307 | E78: TOMADA DE REDE RJ45 - FORNECIMENTO E INSTALAÇÃO. AF_11/2019 | F78: UN | G78: 75 | H78: 45.337336 | I78: 8.822664 | J78: 54.16 | K78: =H78*$T$3 -> 56.816749 | L78: =I78*$T$3 -> 11.056563 | M78: =J78*$T$3 -> 67.873312 | N78: =K78*G78 -> 4261.2562 | O78: =L78*G78 -> 829.24219 | P78: =O78+N78 -> 5090.4984 | R78: =H78*G78 -> 3400.3002 | S78: =I78*G78 -> 661.6998 | T78: =S78+R78 -> 4062 | V78: =(T78)*1.2532 -> 5090.4984
A79: 9.5 | B79: Insumo | C79: SINAPI | D79: 39603 | E79: CONECTOR MACHO RJ 45, CATEGORIA 6 (CAT 6) PARA CABOS DE REDE | F79: UN | G79: =80*2 -> 160 | H79: 3.62 | I79: 0 | J79: =I79+H79 -> 3.62 | K79: =H79*$T$3 -> 4.536584 | L79: =I79*$T$3 -> 0 | M79: =J79*$T$3 -> 4.536584 | N79: =K79*G79 -> 725.85344 | O79: =L79*G79 -> 0 | P79: =O79+N79 -> 725.85344 | R79: =H79*G79 -> 579.2 | S79: =I79*G79 -> 0 | T79: =S79+R79 -> 579.2 | V79: =(T79)*1.2532 -> 725.85344
A80: 9.6 | B80: Insumo | C80: SINAPI | D80: 39607 | E80: PATCH CORD (CABO DE REDE), CATEGORIA 6 (CAT 6) UTP, 23 AWG, 4 PARES, EXTENSAO DE 2,50 M | F80: UN | G80: 33 | H80: 34.9 | I80: 0 | J80: 34.9 | K80: =H80*$T$3 -> 43.73668 | L80: =I80*$T$3 -> 0 | M80: =J80*$T$3 -> 43.73668 | N80: =K80*G80 -> 1443.3104 | O80: =L80*G80 -> 0 | P80: =O80+N80 -> 1443.3104 | R80: =H80*G80 -> 1151.7 | S80: =I80*G80 -> 0 | T80: =S80+R80 -> 1151.7 | V80: =(T80)*1.2532 -> 1443.3104
A81: 9.7 | B81: Insumo | C81: SINAPI | D81: 43973 | E81: CABO DE REDE, PAR TRANCADO U/UTP, 4 PARES, CATEGORIA 6 (CAT 6), ISOLAMENTO PVC (CM) | F81: M | G81: 2968.8 | H81: 4.19 | I81: 0 | J81: 4.19 | K81: =H81*$T$3 -> 5.250908 | L81: =I81*$T$3 -> 0 | M81: =J81*$T$3 -> 5.250908 | N81: =K81*G81 -> 15588.896 | O81: =L81*G81 -> 0 | P81: =O81+N81 -> 15588.896 | R81: =H81*G81 -> 12439.272 | S81: =I81*G81 -> 0 | T81: =S81+R81 -> 12439.272 | V81: =(T81)*1.2532 -> 15588.896
A82: 9.8 | B82: Composição | C82: Próprio | D82: =Composições!B35 -> 5 | E82: INSTALAÇÃO E PASSAGEM DE CABOS EM INFRAESTRUTURA DE ELETROCALHA OU ELETRODUTO PARA REDE LÓGICA, INCLUINDO CONFIGURAÇÃO E INSTALAÇÃO DO RACK. | F82: M | G82: 2968.8 | H82: 0 | I82: =Composições!I35 -> 3.6501 | J82: =I82+H82 -> 3.6501 | K82: =H82*$T$3 -> 0 | L82: =I82*$T$3 -> 4.5743053 | M82: =J82*$T$3 -> 4.5743053 | N82: =K82*G82 -> 0 | O82: =L82*G82 -> 13580.198 | P82: =O82+N82 -> 13580.198 | R82: =H82*G82 -> 0 | S82: =I82*G82 -> 10836.417 | T82: =S82+R82 -> 10836.417 | V82: =(T82)*1.2532 -> 13580.198
A83: 10 | E83: SOM E VÍDEO - AUDITÓRIO | N83: =SUM(N84:N85) -> 884.65894 | O83: =SUM(O84:O85) -> 827.98924 | P83: =SUM(P84:P85) -> 1712.6482 | R83: =H83*G83 -> 0 | S83: =I83*G83 -> 0 | T83: =S83+R83 -> 0 | V83: =(T83)*1.2532 -> 0
A84: 10.1 | B84: Composição | C84: SINAPI | D84: 95727 | E84: ELETRODUTO RÍGIDO SOLDÁVEL, PVC, DN 25 MM (3/4"), APARENTE - FORNECIMENTO E INSTALAÇÃO. AF_10/2022_PA | F84: M | G84: 36 | H84: 14.32 | I84: 14 | J84: 28.32 | K84: =H84*$T$3 -> 17.945824 | L84: =I84*$T$3 -> 17.5448 | M84: =J84*$T$3 -> 35.490624 | N84: =K84*G84 -> 646.04966 | O84: =L84*G84 -> 631.6128 | P84: =O84+N84 -> 1277.6625 | R84: =H84*G84 -> 515.52 | S84: =I84*G84 -> 504 | T84: =S84+R84 -> 1019.52 | V84: =(T84)*1.2532 -> 1277.6625
A85: 10.2 | B85: Composição | C85: SINAPI | D85: 104402 | E85: CONDULETE DE PVC, TIPO C, PARA ELETRODUTO DE PVC SOLDÁVEL DN 25 MM (3/4''), APARENTE - FORNECIMENTO E INSTALAÇÃO. AF_10/2022 | F85: UN | G85: 10 | H85: 19.04 | I85: 15.67 | J85: 34.71 | K85: =H85*$T$3 -> 23.860928 | L85: =I85*$T$3 -> 19.637644 | M85: =J85*$T$3 -> 43.498572 | N85: =K85*G85 -> 238.60928 | O85: =L85*G85 -> 196.37644 | P85: =O85+N85 -> 434.98572 | R85: =H85*G85 -> 190.4 | S85: =I85*G85 -> 156.7 | T85: =S85+R85 -> 347.1 | V85: =(T85)*1.2532 -> 434.98572
A86: 11 | E86: ENTREGA DA OBRA | N86: =SUM(N87:N88) -> 1374.5968 | O86: =SUM(O87:O88) -> 1920.8741 | P86: =SUM(P87:P88) -> 3295.4709
A87: 11.1 | B87: Composição | C87: SINAPI | D87: 100981 | E87: DESCARTE DE RESÍDUOS COM CARGA, MANOBRA E DESCARGA DE ENTULHO EM CAMINHÃO BASCULANTE | F87: M3 | G87: 20 | H87: =J87-I87 -> 8.399872 | I87: =J87*0.1797 -> 1.840128 | J87: 10.24 | K87: =H87*$T$3 -> 10.52672 | L87: =I87*$T$3 -> 2.3060484 | M87: =J87*$T$3 -> 12.832768 | N87: =K87*G87 -> 210.53439 | O87: =L87*G87 -> 46.120968 | P87: =O87+N87 -> 256.65536 | R87: =H87*G87 -> 167.99744 | S87: =I87*G87 -> 36.80256 | T87: =S87+R87 -> 204.8 | V87: =(T87)*1.2532 -> 256.65536
A88: 11.2 | B88: Composição | C88: ORSE | D88: 2450 | E88: LIMPEZA GERAL | F88: M2 | G88: 977.76 | H88: 0.95 | I88: =J88-H88 -> 1.53 | J88: 2.48 | K88: =H88*$T$3 -> 1.19054 | L88: =I88*$T$3 -> 1.917396 | M88: =J88*$T$3 -> 3.107936 | N88: =K88*G88 -> 1164.0624 | O88: =L88*G88 -> 1874.7531 | P88: =O88+N88 -> 3038.8155 | R88: =H88*G88 -> 928.872 | S88: =I88*G88 -> 1495.9728 | T88: =S88+R88 -> 2424.8448 | V88: =(T88)*1.2532 -> 3038.8155
N90: =N83+N74+N67+N43+N41+N34+N22+N20+N16+N13+N86+0.01 -> 263503.29 | O90: =O83+O74+O67+O43+O41+O34+O22+O20+O16+O13+O86 -> 100819.18 | P90: =O90+N90 -> 364322.47 | R90: =SUM(R14:R88) -> 210264.35 | S90: =SUM(S14:S88) -> 80449.396 | T90: =SUM(T14:T88) -> 290713.75 | V90: =SUM(V14:V89) -> 364322.47
T91: =T90*0.2532 -> 73608.721
O92: Total sem BDI | P92: =T90 -> 290713.75
A93: Porto Alegre, 13 de junho de 2025. | O93: Total do BDI | P93: =P92*0.2532 -> 73608.721
O94: Total | P94: =SUM(P92:P93) -> 364322.47
A96: Alexsandra Borba
A97: Arquiteta e Urbanista
A98: CAU nº A294846-0

Sheet Planilha2
B5: =51*4 -> 204
B6: 13
B7: 16
B8: 2
B9: 8
B10: 10
B11: 3
B12: 9
B13: 4
B14: 7
B15: 27
B16: 5
B17: 2
... B31: 5
B32: =SUM(B5:B31) -> 450
B33: =B32*1.2 -> 540

Sheet Planilha1
D4: 35
D5: 35
D6: 35
D7: 35
D8: 28
D9: 35
D10: 35
D11: 34
D12: 34
D13: 41
D14: 40
D15: 40
... D26: 54
D27: =3*26 -> 78
D28: =2*26 -> 52
D29: =5*22 -> 110
D30: 15
D31: 45
D32: 45
D33: 10
D34: 100
D35: =5*27 -> 135
D36: 25
D37: =5*30 -> 150
D38: =4*33 -> 132
D39: 36
D40: =6*38 -> 228
D41: =7*55 -> 385
D42: =SUM(D4:D41) -> 2474
D43: =D42*1.2 -> 2968.8

Sheet Cronograma
A2: OBRA: | B2: RUA MARECHAL FLORIANO PEIXOTO, 94 - PORTO ALEGRE/RS | H2: ENCARGOS SOCIAIS: | J2: 112,84% (H)
A3: LOCAL: | B3: CASA DO TRABALHADOR | J3: 69,95% (M)
A4: REFERÊNCIA: | B4: SINAPI: RS 4/2025 | H4: BDI: | J4: 0.2532
B5: ORSE: SE 3/2025 | H5: MODALIDADE: | J5: NÃO DESONERADO
B6: SEINFRA: CE 10/2023 | H6: PRAZO DE EXECUÇÃO: | J6: 60 DIAS
B7: OBRAS-SP: SP 2/2025 | H7: DATA DO ORÇAMENTO: | J7: 45821
A8: ORÇAMENTISTA: | B8: ARQ. ALEXSANDRA BORBA | H8: RRT: | J8: 15691579
A10: ANEXO II - CRONOGRAMA FÍSICO-FINANCEIRO
A12: ITEM | B12: SERVIÇO | G12: VALOR TOTAL | H12: ETAPA 1 | J12: ETAPA 2
H13: 30 DIAS | J13: 60 DIAS
G14: 1 | H14: % | I14: R$ | J14: % | K14: R$
A15: =Orçamento!A13 -> 1 | B15: =Orçamento!E13 -> ADMINISTRAÇÃO DA OBRA | G15: =Orçamento!P13 -> 7147.4013 | H15: 0.5 | I15: =H15*G15 -> 3573.7006 | J15: 0.5 | K15: =J15*G15 -> 3573.7006
A16: =Orçamento!A16 -> 2 | B16: =Orçamento!E16 -> ESQUADRIAS | G16: =Orçamento!P16 -> 23750.254 | H16: 1 | I16: =H16*G16 -> 23750.254
A17: 3 | B17: =Orçamento!E20 -> FORRO | G17: =Orçamento!P20 -> 70570.129 | H17: 1 | I17: =H17*G17 -> 70570.129 | J17: 0 | K17: =J17*G17 -> 0
A18: 4 | B18: =Orçamento!E22 -> INSTALAÇÕES HIDROSSANITÁRIAS | G18: =Orçamento!P22 -> 11536.731 | H18: 1 | I18: =H18*G18 -> 11536.731
A19: 5 | B19: =Orçamento!E34 -> CLIMATIZAÇÃO | G19: =Orçamento!P34 -> 82958.763 | H19: 0.5 | I19: =H19*G19 -> 41479.382 | J19: 0.5 | K19: =J19*G19 -> 41479.382
A20: 6 | B20: =Orçamento!E41 -> PISO TÁTIL | G20: =Orçamento!P41 -> 10283.964 | H20: 1 | I20: =H20*G20 -> 10283.964
A21: 7 | B21: =Orçamento!E43 -> INSTALAÇÕES ELÉTRICAS | G21: =Orçamento!P43 -> 76887.65 | H21: 0.5 | I21: =H21*G21 -> 38443.825 | J21: 0.5 | K21: =J21*G21 -> 38443.825
A22: 8 | B22: =Orçamento!E67 -> ILUMINAÇÃO | G22: =Orçamento!P67 -> 27353.937 | H22: 1 | I22: =H22*G22 -> 27353.937
A23: 9 | B23: =Orçamento!E74 -> INSTALAÇÕES DE REDE LÓGICA | G23: =Orçamento!P74 -> 48825.511 | H23: 0.5 | I23: =H23*G23 -> 24412.756 | J23: 0.5 | K23: =J23*G23 -> 24412.756
A24: 10 | B24: =Orçamento!E83 -> SOM E VÍDEO - AUDITÓRIO | G24: =Orçamento!P83 -> 1712.6482 | H24: 1 | I24: =H24*G24 -> 1712.6482
A25: =Orçamento!A86 -> 11 | B25: =Orçamento!E86 -> ENTREGA DA OBRA | G25: =Orçamento!P86 -> 3295.4709 | H25: 0 | I25: =H25*G25 -> 0 | J25: 1 | K25: =J25*G25 -> 3295.4709
A26: TOTAL POR ETAPA | G26: =Orçamento!P90 -> 364322.47 | H26: =I26/G26 -> 0.69476177 | I26: =SUM(I15:I25) -> 253117.33 | J26: =K26/G26 -> 0.30523823 | K26: =SUM(K15:K25)+0.01 -> 111205.14
A27: TOTAL ACUMULADO: | H27: =H26 -> 0.69476177 | I27: =I26 -> 253117.33 | J27: =J26+H26 -> 1 | K27: =K26+I27 -> 364322.47
A30: Porto Alegre, 13 de junho de 2025.
A36: Alexsandra Borba
A37: Arquiteta e Urbanista
A38: CAU nº A294846-0

Sheet Composições
B1: Planilha de Composições - Anexo III
B2: OBRA: | C2: RUA MARECHAL FLORIANO PEIXOTO, 94 - PORTO ALEGRE/RS | H2: ENCARGOS SOCIAIS: | I2: 112,84% (H)
B3: LOCAL: | C3: CASA DO TRABALHADOR | I3: 69,95% (M)
B4: REFERÊNCIA: | C4: SINAPI: RS 4/2025 | H4: BDI: | I4: 0.2532
C5: ORSE: SE 3/2025 | H5: MODALIDADE: | I5: NÃO DESONERADO
C6: SEINFRA: CE 10/2023 | H6: PRAZO DE EXECUÇÃO: | I6: 60 DIAS
C7: OBRAS-SP: SP 2/2025 | H7: DATA DO ORÇAMENTO: | I7: 45821
B8: ORÇAMENTISTA: | C8: ARQ. ALEXSANDRA BORBA
B9: RRT: | C9: 15691579
B11: Código | C11: Descrição | D11: Banco | E11: Tipo | F11: Unidade | G11: Quantidade | H11: Custo Unitário | I11: Custo Total
B12: 1 | C12: Ponto elétrico para Ar Condicionado do tipo CASSETE, instalado no teto ou sobre o forro. | D12: PRÓPRIO | E12: Composição Principal | F12: UN | I12: 71.98
B13: 38102 | C13: TOMADA 2P+T 20A, 250V (APENAS MODULO) | D13: SINAPI | E13: Insumo | F13: UN | G13: 1 | H13: 11.99 | I13: 11.99
B14: 2559 | C14: CONDULETE DE ALUMINIO TIPO C, PARA ELETRODUTO ROSCAVEL DE 3/4", COM TAMPA CEGA | D14: SINAPI | E14: Insumo | F14: UN | G14: 1 | H14: 16.19 | I14: 16.19
B15: 2436 | C15: ELETRICISTA (HORISTA) | D15: SINAPI | E15: Insumo | F15: H | G15: 1 | H15: 23.07 | I15: 23.07
B16: 247 | C16: AJUDANTE DE ELETRICISTA (HORISTA) | D16: SINAPI | E16: Insumo | F16: H | G16: 1 | H16: 18.21 | I16: 18.21
B17: 43484 | C17: EPI - FAMILIA ELETRICISTA - HORISTA (ENCARGOS COMPLEMENTARES - COLETADO CAIXA) | D17: SINAPI | E17: Insumo | F17: H | G17: 2 | H17: 1.26 | I17: 2.52
B19: 2 | C19: DISPOSITIVO DR, 4 POLOS, SENSIBILIDADE DE 30 MA, CORRENTE DE 125 A, TIPO AC | D19: PRÓPRIO | E19: Composição Principal | F19: UN | I19: 810.96
B20: =Preços!A14 -> 5 | C20: DISPOSITIVO DR, 4 POLOS, SENSIBILIDADE DE 30 MA, CORRENTE DE 125 A, TIPO AC | D20: PESQUISA DE MERCADO | E20: Insumo | F20: UN | G20: 1 | H20: 755.97 | I20: 755.97
B21: 88264 | C21: ELETRICISTA COM ENCARGOS COMPLEMENTARES | D21: SINAPI | E21: Composição | F21: H | G21: 1 | H21: 30.02 | I21: 30.02
B22: 88247 | C22: AUXILIAR DE ELETRICISTA COM ENCARGOS COMPLEMENTARES | D22: SINAPI | E22: Composição | F22: H | G22: 1 | H22: 24.97 | I22: 24.97
B24: 3 | C24: ESQUADRIA DE VIDRO - ACESSO PRINCIPAL | D24: PRÓPRIO | E24: Composição Principal | F24: M2 | I24: 986.41
B25: 3104 | C25: CONJ. DE FERRAGENS PARA PORTA DE VIDRO TEMPERADO, EM ZAMAC CROMADO, CONTEMPLANDO DOBRADICA INF., DOBRADICA SUP., PIVO PARA DOBRADICA INF., PIVO PARA DOBRADICA SUP., FECHADURA CENTRAL EM ZAMC. CROMADO, CONTRA FECHADURA DE PRESSAO | D25: SINAPI | E25: Insumo | F25: CJ | G25: 1 | H25: 185.56 | I25: 185.56
B26: 10502 | C26: VIDRO TEMPERADO VERDE E = 10 MM, SEM COLOCACAO | D26: SINAPI | E26: Insumo | F26: M2 | G26: 1 | H26: 378.12 | I26: 378.12
B27: 10489 | C27: VIDRACEIRO (HORISTA) | D27: SINAPI | E27: Insumo | F27: H | G27: 5 | H27: 18.92 | I27: 94.6
B28: 6110 | C28: SERRALHEIRO (HORISTA) | D28: SINAPI | E28: Insumo | F28: H | G28: 5 | H28: 21.56 | I28: 107.8
B29: 252 | C29: AJUDANTE DE SERRALHEIRO (HORISTA) | D29: SINAPI | E29: Insumo | F29: H | G29: 5 | H29: 18.21 | I29: 91.05
B30: 1 | C30: TUBO RETANGULAR 40X20, EM ALUMÍNIO, COR PRETA - 2,00mm - BARRA DE 6MT | D30: PESQUISA DE MERCADO | E30: Insumo | F30: BARRA | G30: 1 | H30: 129.28 | I30: 129.28
B31: 4 | C31: ELETROCALHA | D31: PRÓPRIO | E31: Composição Principal | F31: M | I31: =I32+I33+I34 -> 69.83
B32: =Preços!A15 -> 6 | C32: ELETROCALHA LISA OU PERFURADA EM AÇO GALVANIZADO, LARGURA 100MM E ALTURA 25MM | D32: PESQUISA DE MERCADO | E32: Insumo | F32: M | G32: 1 | H32: =Preços!F15 -> 30.06 | I32: =H32*G32 -> 30.06
B33: 6110 | C33: SERRALHEIRO (HORISTA) | D33: SINAPI | E33: Insumo | F33: H | G33: 1 | H33: 21.56 | I33: =H33*G33 -> 21.56
B34: 252 | C34: AJUDANTE DE SERRALHEIRO (HORISTA) | D34: SINAPI | E34: Insumo | F34: H | G34: 1 | H34: 18.21 | I34: =H34*G34 -> 18.21
B35: 5 | C35: REDE LÓGICA - PASSAGEM DE CABOS | D35: PRÓPRIO | E35: Composição Principal | F35: M | I35: =SUM(I36:I37) -> 3.6501
B36: 88264 | C36: ELETRICISTA COM ENCARGOS COMPLEMENTARES | D36: SINAPI | E36: Composição | F36: H | G36: 0.08 | H36: 30.02 | I36: =H36*G36 -> 2.4016
B37: 88247 | C37: AUXILIAR DE ELETRICISTA COM ENCARGOS COMPLEMENTARES | D37: SINAPI | E37: Composição | F37: H | G37: 0.05 | H37: 24.97 | I37: =H37*G37 -> 1.2485
B38: 6 | C38: CANALETA AR CONDICIONADO - DRENOS | D38: PRÓPRIO | E38: Composição Principal | F38: M | I38: =SUM(I39:I40) -> 19.744167
B39: =Preços!A11 -> 2 | C39: =Preços!B11 -> Canaleta para Dreno de Ar Condicionado - Barra de 2 metros | D39: PESQUISA DE MERCADO | E39: Insumo | F39: M | G39: 2 | H39: =Preços!F11 -> 20.003333 | I39: =H39/G39 -> 10.001667
B40: 2701 | C40: INSTALADOR DE TUBULACOES - TUBOS/EQUIPAMENTOS (HORISTA) | D40: SINAPI | E40: Composição | F40: H | G40: 0.25 | H40: 38.97 | I40: =H40*G40 -> 9.7425
B41: 7 | C41: CANALETA AR CONDICIONADO - TUBULAÇÕES REFRIGERANTES | D41: PRÓPRIO | E41: Composição Principal | F41: M | I41: =SUM(I42:I43) -> 29.699167
B42: =Preços!A12 -> 3 | C42: =Preços!B12 -> Canaleta de PVC para Dreno Ar Condicionado Split CB30 Branca 85 x 70mm - Barra de 2 Metros | D42: PESQUISA DE MERCADO | E42: Insumo | F42: M | G42: 2 | H42: =Preços!F12 -> 39.913333 | I42: =H42/G42 -> 19.956667
B43: 2701 | C43: INSTALADOR DE TUBULACOES - TUBOS/EQUIPAMENTOS (HORISTA) | D43: SINAPI | E43: Composição | F43: H | G43: 0.25 | H43: 38.97 | I43: =H43*G43 -> 9.7425
B44: 8 | C44: CANALETA- INSTALAÇÕES ELÉTRICAS (MOBILIÁRIO) | D44: PRÓPRIO | E44: Composição Principal | F44: M | I44: =SUM(I45:I46) -> 84.3875
B45: =Preços!A13 -> 4 | C45: =Preços!B13 -> Canaleta em alumínio para passagem de cabos elétricos/rede, 53 x 15mm, Dutotec ou Similar - Barra de 2 metros. | D45: PESQUISA DE MERCADO | E45: Insumo | F45: M | G45: 2 | H45: =Preços!F13 -> 149.29 | I45: =H45/G45 -> 74.645
B46: 2701 | C46: INSTALADOR DE TUBULACOES - TUBOS/EQUIPAMENTOS (HORISTA) | D46: SINAPI | E46: Composição | F46: H | G46: 0.25 | H46: 38.97 | I46: =H46*G46 -> 9.7425
B47: 9 | C47: INSTALAÇÕES - LUMINÁRIAS | D47: PRÓPRIO | E47: Composição Principal | F47: M | I47: =SUM(I48:I49) -> 1099.8
B48: 88264 | C48: ELETRICISTA COM ENCARGOS COMPLEMENTARES | D48: SINAPI | E48: Composição | F48: H | G48: 20 | H48: 30.02 | I48: =H48*G48 -> 600.4
B49: 88247 | C49: AUXILIAR DE ELETRICISTA COM ENCARGOS COMPLEMENTARES | D49: SINAPI | E49: Composição | F49: H | G49: 20 | H49: 24.97 | I49: =H49*G49 -> 499.4

Sheet BDI
B3: OBRA: | C3: RUA MARECHAL FLORIANO PEIXOTO, 94 - PORTO ALEGRE/RS | E3: ENCARGOS SOCIAIS: | G3: 112,84% (H)
B4: LOCAL: | C4: CASA DO TRABALHADOR | G4: 69,95% (M)
B5: REFERÊNCIA: | C5: SINAPI: RS 4/2025 | E5: BDI: | G5: 0.2532
C6: ORSE: SE 3/2025 | E6: MODALIDADE: | G6: NÃO DESONERADO
C7: SEINFRA: CE 10/2023 | E7: PRAZO DE EXECUÇÃO: | G7: 60 DIAS
C8: OBRAS-SP: SP 2/2025 | E8: DATA DO ORÇAMENTO: | G8: 45821
B9: ORÇAMENTISTA: | C9: ARQ. ALEXSANDRA BORBA | E9: RRT: | G9: 15691579
B12: ANEXO IV - QUADRO DE DETALHAMENTO DO BDI
B14: PARCELAS DO BDI | E14: Limites conf. Acordão TCU 2622/2013
B16: Siglas | C16: Itens | D16: % Adotado | E16: Mín. | F16: Média | G16: Máximo
B17: AC | C17: Administração Central | D17: 0.0425 | E17: 3 | F17: =(G17+E17)/2 -> 4.25 | G17: 5.5
B18: R | C18: Risco | D18: 0.0123 | E18: 0.97 | F18: =(G18+E18)/2 -> 1.12 | G18: 1.27
B19: SG | C19: Seguro e Garantia | D19: 0.009 | E19: 0.8 | F19: =(G19+E19)/2 -> 0.9 | G19: 1
B20: DF | C20: Despesas Financeiras | D20: 0.0099 | E20: 0.59 | F20: =(G20+E20)/2 -> 0.99 | G20: 1.39
B21: L | C21: Lucro | D21: 0.0831 | E21: 6.16 | F21: =(G21+E21)/2 -> 7.56 | G21: 8.96
B22: P | C22: Tributos (PIS) | D22: 0.0065 | E22: CONF. ENQUADRAMENTO
B23: C | C23: Tributos (COFINS) | D23: 0.03
B24: ISS | C24: Tributos (ISS) | D24: 0.035 | E24: 2 | F24: =(G24+E24)/2 -> 3.5 | G24: 5
B25: CPRB | C25: Tributos (Contribuição Previdenciária sobre a Receita Bruta - 0% ou 4,5% - Desoneração) | D25: 0 | E25: 0 | F25: 4.5 | G25: 0
B27: BDI | C27: BDI | D27: =((1+D17+D19+D18)*(1+D20)*(1+D21))/(1-D23-D22-D24)-1 -> 0.25321333
C29: Os valores de BDI foram calculados com o emprego da fórmula:
C31: BDI = (1+AC+S+R+G)*(1+DF)*(1+L) -1 (1-C-P-ISS)
B34: Nota ref. alíquotas de PIS, COFINS e ISS para empresas Optantes do Simples Nacional:
B35: Conforme acórdão TCU 2622/2013, item 9.3.2.5:
B36: "prever, nos editais de licitação, a exigência para que as empresas licitantes optantes pelo Simples Nacional apresentem os percentuais de ISS, PIS e COFINS discriminados na composição do BDI que sejam compatíveis com as alíquotas a que a empresa está obrigada a recolher, previstas no Anexo IV da Lei Complementar n. 123/2006, bem como que a composição de encargos sociais não inclua os gastos relativos às contribuições que essas empresas estão dispensadas de recolhimento (Sesi, Senai, Sebrae etc.), conforme dispões o art. 13, § 3º, da referida Lei Complementar;
B40: Porto Alegre, 13 de JUNHO de 2025.
B45: Alexsandra Borba
B46: Arquiteta e Urbanista
B47: CAU nº A294846-0

Sheet Encargos Sociais
A4: ANEXO V - TABELA DE ENCARGOS SOCIAIS
A6: OBRA: | B6: RUA MARECHAL FLORIANO PEIXOTO, 94 - PORTO ALEGRE/RS
A7: LOCAL: | B7: CASA DO TRABALHADOR
A8: REFERÊNCIA: | B8: SINAPI
A9: DATA-BASE: | B9: RS 04/2025
A10: ORÇAMENTISTA: | B10: ARQ. ALEXSANDRA BORBA
A11: RRT: | B11: 15691579
A13: ITEM | B13: COMPOSIÇÃO DE ENCARGOS SOCIAIS DIURNOS | C13: HORISTA % | D13: MENS. %
A14: A | B14: GRUPO A - ENCARGOS BÁSICOS PREVIDENCIÁRIOS
A15: A.1 | B15: INSS | C15: 0.2 | D15: 0.2
A16: A.2 | B16: SESI | C16: 0.015 | D16: 0.015
A17: A.3 | B17: SENAI | C17: 0.01 | D17: 0.01
A18: A.4 | B18: INCRA | C18: 0.002 | D18: 0.002
A19: A.5 | B19: SEBRAE | C19: 0.006 | D19: 0.006
A20: A.6 | B20: SALÁRIO-EDUCAÇÃO | C20: 0.025 | D20: 0.025
A21: A.7 | B21: SEGURO CONTRA ACIDENTES DE TRABALHO | C21: 0.03 | D21: 0.03
A22: A.8 | B22: FGTS | C22: 0.08 | D22: 0.08
A23: A.9 | B23: SECONCI | C23: 0 | D23: 0
B24: TOTAL GRUPO "A" | C24: =SUM(C15:C23) -> 0.368 | D24: =SUM(D15:D23) -> 0.368
A26: B | B26: GRUPO B - ENCARGOS QUE RECEBEM INCIDÊNCIA DE "A"
A27: B.1 | B27: REPOUSO SEMANAL REMUNERADO | C27: 0.1793 | D27: Não incide
A28: B.2 | B28: FERIADO | C28: 0.0424 | D28: Não incide
A29: B.3 | B29: AUXILIO ENFERMIDADE | C29: 0.0087 | D29: 0.0066
A30: B.4 | B30: 13º SALÁRIO | C30: 0.1096 | D30: 0.0833
A31: B.5 | B31: LICENÇA PATERNIDADE | C31: 0.0007 | D31: 0.0005
A32: B.6 | B32: FALTAS JUSTIFICADAS | C32: 0.0073 | D32: 0.0056
A33: B.7 | B33: DIAS DE CHUVA | C33: 0.0155 | D33: Não incide
A34: B.8 | B34: AUXÍLIO ACIDENTE DE TRABALHO | C34: 0.001 | D34: 0.0008
A35: B.9 | B35: FÉRIAS GOZADAS | C35: 0.1051 | D35: 0.0799
A36: B.10 | B36: SALÁRIO MATERNIDADE | C36: 0.0004 | D36: 0.0003
B37: TOTAL GRUPO "B" | C37: =SUM(C27:C36) -> 0.47 | D37: =SUM(D27:D36) -> 0.177
A39: C | B39: GRUPO C - ENCARGOS QUE NÃO RECEBEM INCIDÊNCIA DE "A"
A40: C.1 | B40: AVISO PRÉVIO INDENIZADO | C40: 0.0453 | D40: 0.0363
A41: C.2 | B41: AVISO-PRÉVIO TRABALHADO | C41: 0.0011 | D41: 0.0008
A42: C.3 | B42: FÉRIAS INDENIZADAS | C42: 0.0343 | D42: 0.0261
A43: C.4 | B43: DEPÓSITO RESCISÃO SEM JUSTA CAUSA | C43: 0.0277 | D43: 0.0211
A44: C.5 | B44: INDENIZAÇÃO ADICIONAL | C44: 0.0049 | D44: 0.002
B45: TOTAL GRUPO "C" | C45: =SUM(C40:C44) -> 0.1133 | D45: =SUM(D40:D44) -> 0.0863
A47: D | B47: GRUPO D - INCIDÊNCIA DE ENCARGOS
A48: D.1 | B48: REINCIDÊNCIA DE GRUPO A SOBRE B | C48: 0.173 | D48: 0.0651
A49: D.2 | B49: REINCIDÊNCIA DE GRUPO A SOBRE AVISO PRÉVIO TRABALHADO E REINCIDÊNCIA DO FGTS SOBRE AVISO PRÉVIO INDENIZADO | C49: 0.0041 | D49: 0.0031
B50: TOTAL GRUPO "D" | C50: =SUM(C48:C49) -> 0.1771 | D50: =SUM(D48:D49) -> 0.0682
B53: TOTAL GERAL A+B+C+D | C53: =C50+C45+C37+C24 -> 1.1284 | D53: =D50+D45+D37+D24 -> 0.6995
A55: =BDI!B40 -> Porto Alegre, 13 de JUNHO de 2025.
A61: Alexsandra Borba
A62: Arquiteta e Urbanista
A63: CAU nº A294846-0

Sheet Preços
A1: ANEXO VI
A2: PESQUISA DE MERCADO
A3: OBRA: | B3: RUA MARECHAL FLORIANO PEIXOTO, 94 - PORTO ALEGRE/RS
A4: LOCAL: | B4: CASA DO TRABALHADOR
A5: ORÇAMENTISTA: | B5: ARQ. ALEXSANDRA BORBA
A6: RRT: | B6: 15691579
A7: DATA: | B7: 45821
A9: Cod. | B9: Item | C9: Fonte 1 (R$) | D9: Fonte 2 (R$) | E9: Fonte 3 (R$) | F9: Média (R$)
A10: 1 | B10: TUBO RETANGULAR 40X20, EM ALUMÍNIO, COR PRETA - 2,00mm - Barra de 06 metros | C10: 165 | D10: 114.58 | E10: 108.27 | F10: =AVERAGE(C10:E10) -> 129.28333
A11: 2 | B11: Canaleta para Dreno de Ar Condicionado - Barra de 2 metros | C11: 24.41 | D11: 17.1 | E11: 18.5 | F11: =AVERAGE(C11:E11) -> 20.003333
A12: 3 | B12: Canaleta de PVC para Dreno Ar Condicionado Split CB30 Branca 85 x 70mm - Barra de 2 Metros | C12: 45.99 | D12: 45 | E12: 28.75 | F12: =AVERAGE(C12:E12) -> 39.913333
A13: 4 | B13: Canaleta em alumínio para passagem de cabos elétricos/rede, 53 x 15mm, Dutotec ou Similar - Barra de 2 metros. | C13: 115.46 | D13: 164.33 | E13: 168.08 | F13: =AVERAGE(C13:E13) -> 149.29
A14: 5 | B14: DISPOSITIVO DR, 4 POLOS, SENSIBILIDADE DE 30 MA, CORRENTE DE 125A, TIPO AC | C14: 646.92 | D14: 740.52 | E14: 880.46 | F14: =AVERAGE(C14:E14) -> 755.96667
A15: 6 | B15: Eletrocalha (m) | C15: 23.25 | D15: 43.95 | E15: 24.98 | F15: 30.06
A16: 7 | B16: Luminária Tubular Led Slim Batten Sobrepor 36w 120cm | C16: 35 | D16: 35.64 | E16: 23.9 | F16: =AVERAGE(C16:E16) -> 31.513333
A17: 8 | B17: TRILHO ELETRIFICADO PERFIL SUSPENSO SLIM LINEAR 120cm BRANCO NEUTRO - 4000K | C17: 147.62 | D17: 216 | E17: 207.77 | F17: =AVERAGE(C17:E17) -> 190.46333
A18: 9 | B18: TRILHO ELETRIFICADO SUSPENSO 8m - 4000K / h = 3,00m 12 LEDS LINEARES + 8 SPOTS DIRECIONÁVEIS | C18: 899.1 | D18: 899 | E18: 840.48 | F18: =AVERAGE(C18:E18) -> 879.52667
A19: 10 | B19: LUMINÁRIA TIPO CALHA, DE EMBUTIR NO FORRO - 62x62cm BRANCO NEUTRO - 4000K. | C19: 126.02 | D19: 139.9 | E19: =253.94/2 -> 126.97 | F19: =AVERAGE(C19:E19) -> 130.96333
A21: Porto Alegre, 13 de junho de 2025.
A24: Alexsandra Borba
A25: Arquiteta e Urbanista
A26: CAU nº A294846-0

Sheet Fontes
A1: Item | B1: Fonte 1 - Link | C1: Fonte 2 - Link | D1: Fonte 3 - Link
A2: TUBO RETANGULAR 40X20, EM ALUMÍNIO, COR PRETA - 2,00mm - Barra de 06 metros | B2: https://www.aluminioalure.com.br/doyx0q7hp-tubo-retangular-de-aluminio-3-x-112-x-116-762cm-x-381cm-x-158mm | C2: https://www.bogonialuminios.com.br/tg073nl-leve-tubo-retangular-50-8x25-4x0-6mm-natural?utm_source=google&utm_medium=shopping&utm_campaign=tg073nl-leve-tubo-retangular-50-8x25-4x0-6mm-natural&inStock&srsltid=AfmBOoppqb-aXXUhEHsAEuoZhqflJKwxEG_HaBpWIgAvzF4uwZpuugpRCu4#derivacao=19/307 | D2: https://www.webmetal.com.br/tubo-retangular-de-aluminio-2-natural/p?idsku=219&skuId=217
A3: Canaleta para Dreno de Ar Condicionado, 30x30mm - Barra de 2 metros | B3: https://www.lojaartech.com.br/canaleta-para-dreno-cb80-split-ate-30-000-btus | C3: https://www.frigelar.com.br/canaleta-branca-split-cb30-35-x-30-mm-barra-2-metros-controlbox/p/kit6260?gad_source=1&gad_campaignid=17336221344&gbraid=0AAAAADi_dD78bezugjHh3To53jpTHWZGi&gclid=Cj0KCQjwgIXCBhDBARIsAELC9ZgjzMt8wKcuMjL2krlSEkCEsJettxe84AEhiIQH10RERCn4lIZAiDgaAt3DEALw_wcB | D3: https://www.lojaartech.com.br/canaleta-para-dreno-cb30-barra-1mt-medidas-35x3x100cm-?utm_source=google&utm_medium=Shopping&utm_campaign=canaleta-para-dreno-cb30-barra-1mt-medidas-35x3x100cm-&inStock&parceiro=8962&gad_source=1&gad_campaignid=17420412232&gbraid=0AAAAADQ02g3LUScQXZT86EJCcrtLF52XR&gclid=Cj0KCQjwgIXCBhDBARIsAELC9ZiL2eEoc4hHTp8NIH_LpO0R89VJGulxqSUwKFTkauhrzb6J7AxzRN8aAmH5EALw_wcB
A4: Canaleta de PVC para TR Ar Condicionado Split CB30 Branca 85 x 70mm - Barra de 2 Metros | B4: https://www.frigelar.com.br/canaleta-branca-split-cb80-85-x-70mm-barra-2-metros-controlbox/p/kit6262?gad_source=1&gad_campaignid=22669787899&gbraid=0AAAAADi_dD4XqORcH_cAGg8K_3rVETQ7F&gclid=CjwKCAjwgb_CBhBMEiwA0p3oOCV8GXWW58UsclcGppVelCK5UxFDV_w17RlZRN_h6-Y_XI01Wl9xnhoCmKUQAvD_BwE | C4: https://www.dufrio.com.br/canaleta-para-instalacao-split-2-metros-controlbox-85x70-cb80.html?gad_source=1&gad_campaignid=17331224835&gbraid=0AAAAADfUKvaRvRIOhSiS6MlH1Z6BNSyTU&gclid=CjwKCAjwgb_CBhBMEiwA0p3oONnwRWhp4nFz9M5MqySqnBMwx_ZO_lJHhn7dyNXOqzV1ifo7EO1Q7BoCJ7wQAvD_BwE | D4: https://www.controlbox.com.br/cb60-2m?utm_term=&utm_campaign=&utm_source=adwords&utm_medium=ppc&hsa_acc=3945002083&hsa_cam=22167981726&hsa_grp=&hsa_ad=&hsa_src=x&hsa_tgt=&hsa_kw=&hsa_mt=&hsa_net=adwords&hsa_ver=3&gad_source=1&gad_campaignid=22168013640&gbraid=0AAAAADrxEuxYeCzTMJj8X6z-AdXfFQwoe&gclid=CjwKCAjwgb_CBhBMEiwA0p3oOHn704NJXA_HSDp-NSKKjcd9HBsh-qe0v7BxauAsqi_PJBXmojhE8xoCI9UQAvD_BwE
A5: Canaleta em alumínio para passagem de cabos elétricos/rede, 53 x 15mm, Dutotec ou Similar - Barra de 2 metros. | B5: https://www.redemacsuperbem.com.br/produto/canaleta-dutotec-x-53x15-2m-c-tampa-branco?srsltid=AfmBOoqkMbicBnvdvG6AjOogpSqRApM2nzCPuOfAMaIB93Dc4DbQbRJlj1c | C5: https://www.eletrorastro.com.br/produto/canaleta-aluminio-53x15x2000mm-branco-dutotec-82009?utm_source=google&utm_medium=cpc&srsltid=AfmBOooxCsetWwgLRYLdhV59Kls7FgIuYWlGTwSrDJALBRuaUH3X8o5IWUc | D5: https://www.lojaeletrica.com.br/canaleta-aluminio-simples-branco-53x15-2-metros-com-tampa-dx-10040.html?mp_feed=MTozOmhDRUxnZGpmc3VPQnZ6b2tqTVRPUXNsTmhMMEJoVGVDdklNR2YxUT0%3D&srsltid=AfmBOoq2P9Llk3DoVafaAW1Fxx60cLFWLhOwNP7N97YfuDKEer_Z5Vgm4Yw
A6: Caixa de transição para canaleta em alumínio para passagem de cabos elétricos/rede, 53 x 15 mm, Dutotec ou Similar | B6: https://www.redemacsuperbem.com.br/produto/dutotec-x-53mm-caixa-derivacao-xt-branco?gad_source=1&gad_campaignid=22569001887&gbraid=0AAAAADz16aRV9uwlFDXfv3VlC6X8ecT1l&gclid=CjwKCAjwo4rCBhAbEiwAxhJlCZ1UxETiH5wKWoxSbKvGI9Gt0a5D9MUNH6UwZQad0ygnFI0pKAXQcRoCWG0QAvD_BwE | C6: https://www.dimensional.com.br/caixa-derivacao-perfilado-x-aluminio---abs---dt5224000alabs---dutotec/p?idsku=185619&gad_source=1&gad_campaignid=18285008559&gbraid=0AAAAADgOTvusYSTv20wlDomtAI4z_9C5T&gclid=CjwKCAjwo4rCBhAbEiwAxhJlCWHEmAJstFPf-lV5BIuZ9Z7LcpGYoaCGPLpO428MI_9wyX-TPu5oZxoCd1YQAvD_BwE | D6: https://www.andra.com.br/caixa-derivacao-aluminio-abs-t-1x1-prf25-branco-dt-52440-00-124907-dutotec/p?idsku=13924&gad_source=1&gad_campaignid=21070779022&gbraid=0AAAAApkqR1vk81N_-4dvhAIErn4cBMMLf&gclid=CjwKCAjwo4rCBhAbEiwAxhJlCWhGQwOr4Q7nMZ5Qa-gW6NfX_D7LCKBOc9zd04VaaBAUz_vZShBwCRoCpNQQAvD_BwE
A7: DISPOSITIVO DR, 4 POLOS, SENSIBILIDADE DE 30 MA, CORRENTE DE 125A, TIPO AC | B7: https://www.dimensional.com.br/interruptor-dr-4p-400vca-125a-30ma-sdr4125003-steck/p?idsku=142686&gad_source=4&gad_campaignid=18285008559&gbraid=0AAAAADgOTvvEsUFgXTLenw9LY6O7KurBx&gclid=CjwKCAjwo4rCBhAbEiwAxhJlCVHkR8bt7gqJgBVR5ruqpJkXKuoA4TenCpKHuXmdcj9TK6u4KuxX9xoCe6MQAvD_BwE | C7: https://www.abtcomercial.com.br/ferramentas/eletrica/disp-dr-4x-125a-30ma-sdr4125003?gad_source=4&gad_campaignid=21814129322&gbraid=0AAAAA-XUzye2qLH3Czr2EeilY-gw-t_zJ&gclid=CjwKCAjwo4rCBhAbEiwAxhJlCcVPl7XfbYG1r6yZHgcW8XpmazsGBwUcZ2NnTH9za9_HymVxoLDjeRoCDfIQAvD_BwE | D7: https://www.zigferramentas.com.br/dispositivo-dr-fuga-tetra-125a-steck-sdr4125003?utm_source=Site&utm_medium=GoogleShopping&utm_campaign=IntegracaoGoogle&gad_source=4&gad_campaignid=17347944458&gbraid=0AAAAABQCe5SVX_a2I5veIZpkU2oyBL2vn&gclid=CjwKCAjwo4rCBhAbEiwAxhJlCUzaZIeFG43VNQqQeWMxv6BJJe-N02snU8WjLcZgG2s0RjdCC_rlqBoCasAQAvD_BwE
A8: Eletrocalha (m) | B8: https://www.lojaeletrica.com.br | C8: https://www.infraeletrocalhas.com.br | D8: https://www.cassol.com.br
A9: Switch 48p PoE+ | B9: https://www.mercadolivre.com.br | C9: https://www.kabum.com.br | D9: https://www.amazon.com.br
A10: Switch 8p PoE | B10: https://www.mercadolivre.com.br | C10: https://www.kabum.com.br | D10: https://www.mercadolivre.com.br
A11: Roteador GW | B11: https://www.cisco.com | C11: https://www.tp-link.com/br/ | D11: https://www.tp-link.com/br/
A12: AP Wi-Fi 6 | B12: https://www.amazon.com | C12: https://www.trendnet.com | D12: https://www.cdw.com
... A27: LUMINÁRIA TIPO CALHA, DE EMBUTIR NO FORRO - 62x62cm BRANCO NEUTRO - 4000K. | B27: https://www.diamantedoled.com.br/produtos/luminaria-de-embutir-compacta-alto-rendimento-com-aletas-parabolicas-duplas-para-4-lampadas-9w-10w-60cm-134197/?variant=881562496&pf=mc&gad_source=1&gad_campaignid=22607615426&gbraid=0AAAAA-L-QLaPpFps4NexfLqoE_Sd37xvC&gclid=CjwKCAjwgb_CBhBMEiwA0p3oOAjJMd1LlX0UjrVuLRagQ69X0IWBTlGbgZ7HbPxm9IskPFBbYbtNLxoCQewQAvD_BwE | C27: https://www.claron.com.br/luminaria-comercial-aletada-alto-rendimento-de-embutir-para-lampada-led-t8-4x-9w-10w-claron?utm_source=Site&utm_medium=GoogleMerchant&utm_campaign=GoogleMerchant&gad_source=1&gad_campaignid=21930037189&gbraid=0AAAAADioG6BqgyaPeyPSwxjA35yhetRUE&gclid=CjwKCAjwgb_CBhBMEiwA0p3oOKCDIbvpdAOXPs3-JeR4ks9JXt4atPd2U3oemOVOtpw15LwRoGheRhoCwVIQAvD_BwE | D27: https://www.inspirehome.com.br/painel-luminaria-de-embutir-led-slim-quadrado-4100k-40w-bivolt-62x62cm-aluminio-e-policarbonato-branco-germany-blumenau-iluminac-o-80474104/p?utm_source=google&utm_medium=cpc&utm_campaign=Pmax_Revenda_Importado&gad_source=1&gad_campaignid=18144592721&gbraid=0AAAAADcW9N-D7HRC6Z2PPpvFylIgmDm2T&gclid=CjwKCAjwgb_CBhBMEiwA0p3oODhKsu_q8wuR1zOj6zCbbyKNplzs2a26ace3Ejrth8v0Z0ViqMQFihoC664QAvD_BwE
